 Seeded DCSS version 0.31-a0-865-g3d5d917 (webtiles) character file.

Game seed: 1013222285429381515 (custom seed)

48103970 PurpleRed the Conqueror (level 27, 273/273 HPs)
             Began as a Meteoran Venom Mage on Oct 9, 2023.
             Was the Champion of Vehumet.
             Escaped with the Orb
             ... and 15 runes on Oct 10, 2023!
             The game lasted 06:13:06 (30247 turns).

PurpleRed the Conqueror (Meteoran Venom Mage)      Turns: 30247, Time: 06:13:06

Health: 273/273    AC: 18    Str: 17    XL:     27
Magic:  64/64      EV: 22    Int: 55    God:    Vehumet [******]
Gold:   8474       SH:  0    Dex: 14    Spells: 1/80 levels left

rFire   + + +        a - staff "Yfricudo" {rElec rF++ Conj}
rCold   + + +        L - orb {*channel}
rNeg    + + +        d - +1 robe of Grace {Will- Int+8 Dex-3}
rPois   ∞            s - +3 crown of Dyrovepreva {rElec Int+2 SInv}
rElec   +            V - +2 cloak {Will+}
rCorr   .            e - +2 pair of gloves of Fienk {rElec}
SInv    +            l - +2 pair of boots of a wizard's laboratory {Int+4}
Will    +++++        m - amulet of Vitality {RegenMP++ Regen++}
Stlth   +            H - ring of Brilliance {Drain *Slow rC+++ MP+9 Int+7}
HPRegen 2.25/turn    x - ring "Didaotwi" {rF+ Will+ Str+4 Int+6}
MPRegen 1.19/turn

%: slow self (1%), clarity, channel magic (20%)
@: death-form, glowing, studying 8 skills
A: vile attack, torment immunity, no potions, sense surroundings 3,
otherworldly, glowing, explore regen, clarity, mutation resistance 1
0: Orb of Zot
}: 15/15 runes: decaying, serpentine, slimy, silver, golden, iron, obsidian,
icy, bone, abyssal, demonic, glowing, magical, fiery, dark
a: Siphon Essence, Begin Untransformation, Renounce Religion


You escaped.
You worshipped Vehumet.
Vehumet was exalted by your worship.
You were an undying horror.
You visited 18 branches of the dungeon, and saw 88 of its levels.
You visited Pandemonium 2 times, and saw 10 of its levels.
You visited the Abyss 1 time.
You completed 1 ziggurat, and saw 27 of its levels.
You also visited: Trove, Ossuary, Ice Cave, Volcano and Desolation.

You collected 12528 gold pieces.
You spent 4054 gold pieces at shops.

Inventory:

Hand Weapons
 j - a +9 vampiric double sword
 u - the +6 Majin-Bo {spellvamp, MP+6 Int+6}
   (You found it in the Desolation of Salt)

   Int+6:     It affects your intelligence (+6).
   MP+6:      It affects your magic capacity (+6).
Missiles
 D - 11 curare-tipped darts
Armour
 b - the +2 ring mail "Yckit" {Harm *Corrode rF++ Dex+3}
   (You found it on level 9 of the Dungeon)

   Dex+3:     It affects your dexterity (+3).
   rF++:      It greatly protects you from fire.
   *Corrode:  It may corrode you when you take damage.
   Harm:      It increases damage dealt and taken.
 d - the +1 robe of Grace (worn) {Will- Int+8 Dex-3}
   (You bought it in a shop on level 3 of the Dungeon)

   Int+8:     It affects your intelligence (+8).
   Dex-3:     It affects your dexterity (-3).
   Will-:     It decreases your willpower.
 e - the +2 pair of gloves of Fienk (worn) {rElec}
   (You found it on level 12 of a ziggurat)

   rElec:     It insulates you from electricity.
 i - a +3 troll leather armour
 l - the +2 pair of boots of a wizard's laboratory (worn) {Int+4}
   (You acquired it on level 15 of a ziggurat)

   Int+4:     It affects your intelligence (+4).
 s - the +3 crown of Dyrovepreva (worn) {rElec Int+2 SInv}
   (You found it on level 7 of Gehenna)

   Int+2:     It affects your intelligence (+2).
   rElec:     It insulates you from electricity.
   SInv:      It lets you see invisible.
 A - the +4 ring mail "Wicso" {rElec Regen+ Str+2 Int+3 Stlth-}
   (You found it on level 27 of a ziggurat)

   Str+2:     It affects your strength (+2).
   Int+3:     It affects your intelligence (+3).
   rElec:     It insulates you from electricity.
   Regen+:    It increases your rate of health regeneration.
   Stlth-:    It makes you less stealthy.
 B - the orb "Zolo" {*channel, rPois rN++ Dex-4 SInv}
   (You found it on level 5 of the Vaults)

   Dex-4:     It affects your dexterity (-4).
   rPois:     It protects you from poison rN++: It greatly protects you from
   negative energy.
   SInv:      It lets you see invisible.
 L - an orb of energy (worn)
 P - the +1 cloak of the Giraffatuar {rPois rF+}
   (You found it on level 3 of the Tomb of the Ancients)

   rF+:       It protects you from fire.
   rPois:     It protects you from poison
 V - a +2 cloak of willpower (worn)
 Z - the orb of Dispater {+Damnation *Corrode AC+5}
   (You took it off Dispater on level 7 of the Iron City of Dis)

   +Damnation: It grants the ability to hurl damnation at the cost of health and
   magic, with strength depending on Evocations skill.
   AC+5:      It affects your AC (+5).
   *Corrode:  It may corrode you when you take damage.
Magical Staves
 a - the staff "Yfricudo" (weapon) {rElec rF++ Conj}
   (You found it on level 13 of a ziggurat)

   [staff of conjuration]

   Base accuracy: +5 Base damage: 5 Base attack delay: 1.2 This weapon's minimum
   attack delay (0.6) is reached at skill level 12.
   rF++:      It greatly protects you from fire.
   rElec:     It insulates you from electricity.
   Conj:      It increases the power of your Conjurations spells.
   It falls into the 'Staves' category.
   It is a one-handed weapon.
Jewellery
 g - the ring of Sown {rCorr Int+6 Dex+2 Slay+3}
   (You found it on level 2 of the Depths)

   [ring of resist corrosion]

   Int+6:     It affects your intelligence (+6).
   Dex+2:     It affects your dexterity (+2).
   Slay+3:    It affects your accuracy & damage with ranged weapons and melee
   (+3).
   rCorr:     It protects you from acid and corrosion.
 m - the amulet of Vitality (around neck) {RegenMP++ Regen++}
   (You found it on level 5 of the Pits of Slime)

   [amulet of magic regeneration]

   RegenMP:   It increases your rate of magic regeneration.
   Regen++:   It increases your rate of health regeneration.
 r - the ring of Gariabb {rElec rF+ Will+ rCorr}
   (You found it on level 3 of the Lair of Beasts)

   [ring of resist corrosion]

   rF+:       It protects you from fire.
   rElec:     It insulates you from electricity.
   Will+:     It increases your willpower.
   rCorr:     It protects you from acid and corrosion.
 x - the ring "Didaotwi" (right hand) {rF+ Will+ Str+4 Int+6}
   (You found it in Pandemonium)

   [ring of intelligence]

   Str+4:     It affects your strength (+4).
   Int+6:     It affects your intelligence (+6).
   rF+:       It protects you from fire.
   Will+:     It increases your willpower.
 F - the ring "Goaghuku" {Fly rCorr SInv}
   (You found it on level 24 of a ziggurat)

   [ring of see invisible]

   SInv:      It lets you see invisible.
   Fly:       It grants you flight.
   rCorr:     It protects you from acid and corrosion.
 H - the ring of Brilliance (left hand) {Drain *Slow rC+++ MP+9 Int+7}
   (You found it on level 24 of a ziggurat)

   [ring of magical power]

   Int+7:     It affects your intelligence (+7).
   rC+++:     It renders you almost immune to cold.
   MP+9:      It affects your magic capacity (+9).
   Drain:     It drains your maximum health when unequipped.
   *Slow:     It may slow you when you take damage.
 N - the ring "Oroigage" {rCorr MP+9 Dex+5}
   (You found it on level 20 of a ziggurat)

   [ring of magical power]

   Dex+5:     It affects your dexterity (+5).
   MP+9:      It affects your magic capacity (+9).
   rCorr:     It protects you from acid and corrosion.
 R - the ring of the Hippogriff {rC+ Int+6 Dex+3}
   (You found it on level 18 of a ziggurat)

   [ring of intelligence]

   Int+6:     It affects your intelligence (+6).
   Dex+3:     It affects your dexterity (+3).
   rC+:       It protects you from cold.
Talismans
 w - a talisman of death (active)
 X - a dragon-blood talisman
Wands
 q - a wand of iceblast (127)
 E - a wand of light (79)
 T - a wand of digging (45)
Scrolls
 c - 48 scrolls of teleportation
 h - 9 scrolls of amnesia
 o - 16 scrolls of blinking
 p - 8 scrolls of immolation
 t - 3 scrolls of summoning
 v - 5 scrolls of enchant armour
 y - 15 scrolls of fog
 G - 5 scrolls of enchant weapon
 Q - a scroll of revelation
Potions
 f - 5 potions of enlightenment
 k - 2 potions of heal wounds
 n - 2 potions of invisibility
 z - 4 potions of resistance
 C - 9 potions of haste
 I - 10 potions of ambrosia
 J - 26 potions of mutation
 K - 15 potions of curing
 M - 11 potions of magic
 O - 10 potions of cancellation
 W - 5 potions of brilliance
 Y - 5 potions of berserk rage
Miscellaneous
 S - 2 +1 figurines of a ziggurat
 U - a lightning rod (4/4)


   Skills:
 O Level 27 Fighting
 - Level 20.0 Long Blades
 - Level 15.0 Armour
 - Level 20.0 Dodging
 + Level 22.2 Stealth
 O Level 27 Spellcasting
 O Level 27 Conjurations
 - Level 3.0 Hexes
 - Level 10.0 Necromancy
 - Level 2.0 Translocations
 - Level 1.2 Transmutations
 - Level 23.0 Fire Magic
 - Level 23.0 Ice Magic
 - Level 23.0 Air Magic
 - Level 23.0 Earth Magic
 - Level 6.0 Poison Magic
 - Level 23.0 Shapeshifting


You had one spell level left.
You knew the following spells:

 Your Spells              Type           Power      Damage    Failure   Level
a - Chain Lightning       Conj/Air       88%        3d117     1%          9
b - Fire Storm            Conj/Fire      88%        8d22      1%          9
c - Fulminant Prism       Conj/Hex       75%        3d31      1%          4
d - Iskenderun's Mystic   Conj/Tloc      100%       2d19      1%          4
e - Fireball              Conj/Fire      88%        3d32      1%          5
f - Ignition              Fire           72%        3d19      1%          8
g - Polar Vortex          Ice            72%        12d9*     1%          9
h - Apportation           Tloc           100%       N/A       1%          1
i - Blink                 Tloc           100%       N/A       1%          2
j - Starburst             Conj/Fire      88%        6d22      1%          6
k - Stone Arrow           Conj/Erth      100%       3d13      1%          3
s - Shatter               Erth           72%        3d53*     1%          9
v - Lehudib's Crystal Sp  Conj/Erth      88%        10d19     1%          8
x - Sublimation of Blood  Necr           100%       N/A       1%          2

Your spell library contained the following spells:

 Spells                   Type           Power      Damage    Failure   Level
 Foxfire                  Conj/Fire      100%       2x1d9     1%          1
 Kiss of Death            Conj/Necr      100%       2d13      1%          1
 Magic Dart               Conj           100%       1d8       1%          1
 Necrotise                Necr           100%       1d9       1%          1
 Sandblast                Erth           100%       2d20      1%          1
 Shock                    Conj/Air       100%       1d9       1%          1
 Slow                     Hex            100%       N/A       1%          1
 Sting                    Tmut/Pois      100%       1d8       1%          1
 Summon Small Mammal      Summ           100%       N/A       1%          1
 Cigotuvi's Dreadful Rot  Necr/Pois/Air  100%       N/A       1%          2
 Ensorcelled Hibernation  Hex/Ice        100%       N/A       1%          2
 Jinxbite                 Hex            100%       N/A       1%          2
 Lesser Beckoning         Tloc           100%       N/A       1%          2
 Momentum Strike          Conj/Tloc      100%       3d10      1%          2
 Passwall                 Tmut/Erth      98%        N/A       1%          2
 Poisonous Vapours        Pois/Air       100%       N/A       1%          2
 Scorch                   Fire           100%       2d9       1%          2
 Searing Ray              Conj           100%       2d8       1%          2
 Static Discharge         Conj/Air       100%       2-7/arc   1%          2
 Wereblood                Tmut           73%        N/A       1%          2
 Confusing Touch          Hex            82%        N/A       1%          3
 Dazzling Flash           Conj/Hex       100%       N/A       1%          3
 Frozen Ramparts          Ice            100%       1d16      1%          3
 Gell's Gravitas          Tloc           77%        N/A       1%          3
 Hailstorm                Conj/Ice       100%       3d20      1%          3
 Ignite Poison            Fire/Tmut/Pois 100%       N/A       1%          3
 Inner Flame              Hex/Fire       100%       N/A       1%          3
 Mephitic Cloud           Conj/Pois/Air  100%       N/A       1%          3
 Ozocubu's Armour         Ice            100%       N/A       1%          3
 Sigil of Binding         Hex            82%        N/A       1%          3
 Swiftness                Air            100%       N/A       1%          3
 Teleport Other           Tloc           77%        N/A       1%          3
 Tukima's Dance           Hex            82%        N/A       1%          3
 Vampiric Draining        Necr           100%       2d13      1%          3
 Volatile Blastmotes      Fire/Tloc      100%       2d18      1%          3
 Airstrike                Air            72%        2d(11-27) 1%          4
 Anguish                  Hex/Necr       49%        N/A       1%          4
 Animate Armour           Summ/Erth      100%       N/A       1%          4
 Animate Dead             Necr           100%       N/A       1%          4
 Brom's Barrelling Bould  Conj/Erth      100%       2d11      1%          4
 Dispel Undead            Necr           100%       3d31      1%          4
 Flame Wave               Conj/Fire      100%       2d21      1%          4
 Leda's Liquefaction      Hex/Erth       60%        N/A       1%          4
 Olgreb's Toxic Radiance  Pois           96%        N/A       1%          4
 Petrify                  Tmut/Erth      100%       N/A       1%          4
 Sticky Flame             Conj/Fire      100%       2d11      1%          4
 Summon Ice Beast         Ice/Summ       100%       N/A       1%          4
 Summon Lightning Spire   Summ/Air       100%       N/A       1%          4
 Vhi's Electric Charge    Tloc/Air       100%       N/A       1%          4
 Agony                    Necr           100%       N/A       1%          5
 Arcjolt                  Conj/Air       88%        1d98      1%          5
 Borgnjor's Vile Clutch   Necr/Erth      65%        N/A       1%          5
 Freezing Cloud           Conj/Ice/Air   87%        6-21      1%          5
 Irradiate                Conj/Tmut      74%        3d36      1%          5
 Iskenderun's Battlesphe  Conj           100%       2d15      1%          5
 Lee's Rapid Deconstruct  Erth           72%        3d33*     1%          5
 Metabolic Englaciation   Hex/Ice        60%        N/A       1%          5
 Silence                  Hex/Air        60%        N/A       1%          5
 Yara's Violent Unravell  Hex/Tmut       39%        3d16      1%          5
 Bombard                  Conj/Erth      88%        9d14      1%          6
 Conjure Ball Lightning   Conj/Air       88%        3x3d33    1%          6
 Plasma Beam              Fire/Air       72%        2x1d89    1%          6
 Simulacrum               Ice/Necr       65%        N/A       1%          6
 Orb of Destruction       Conj           90%        9d20      1%          7
 Ozocubu's Refrigeration  Ice            72%        4d23      1%          7
 Spellforged Servitor     Conj/Summ      73%        N/A       1%          7
 Maxwell's Capacitive Co  Air            72%        ∞         1%          8
 Call Canine Familiar     Summ           65%        N/A       2%          3
 Summon Guardian Golem    Hex/Summ       74%        N/A       2%          3
 Cause Fear               Hex            41%        N/A       2%          4
 Death Channel            Necr           55%        N/A       2%          6
 Dimensional Bullseye     Hex/Tloc       40%        N/A       3%          4
 Manifold Assault         Tloc           77%        N/A       3%          4
 Passage of Golubria      Tloc           77%        N/A       3%          4
 Eringya's Noxious Bog    Tmut/Pois      42%        4d6       3%          6
 Alistair's Intoxication  Tmut/Pois      56%        N/A       4%          5
 Summon Mana Viper        Hex/Summ       74%        N/A       7%          5
 Summon Forest            Summ/Tloc      35%        N/A       8%          5
 Dispersal                Tloc           38%        N/A       21%         6
 Haunt                    Necr/Summ      46%        N/A       28%         7
 Borgnjor's Revivificati  Necr           55%        N/A       28%         8
 Infestation              Necr           55%        N/A       28%         8
 Summon Cactus Giant      Summ           32%        N/A       36%         6
 Enfeeble                 Hex            41%        N/A       47%         7
 Malign Gateway           Summ/Tloc      35%        N/A       73%         7
 Monstrous Menagerie      Summ           32%        N/A       85%         7
 Summon Hydra             Summ           32%        N/A       85%         7
 Death's Door             Necr           55%        N/A       96%         9
 Discord                  Hex            41%        N/A       98%         8
 Disjunction              Tloc           38%        N/A       99%         8
 Summon Horrible Things   Summ           32%        N/A       100%        8
 Dragon's Call            Summ           32%        N/A       100%        9


Dungeon Overview and Level Annotations

Branches:
Dungeon (15/15)            Temple (1/1) D:7            Lair (5/5) D:11
  Swamp (4/4) Lair:3        Snake (4/4) Lair:2        Slime (5/5) Lair:4
    Orc (2/2) D:9             Elf (3/3) Orc:2        Vaults (5/5) D:14
  Crypt (3/3) Vaults:3       Tomb (3/3) Crypt:3      Depths (4/4) D:15
   Hell (visited)             Dis (7/7) Hell            Geh (7/7) Hell
    Coc (7/7) Hell            Tar (7/7) Hell            Zot (5/5) Depths:4
Ossuary (visited)           IceCv (visited)         Volcano (visited)
Desolation (visited)

Altars:
Ashenzari
Cheibriados
Dithmenos
Elyvilon
Fedhas
Gozag
Hepliaklqana
Kikubaaqudgha
Makhleb
Nemelex Xobeh
Okawaru
Qazlal
Ru
Sif Muna
Trog
Uskayaw
Vehumet
Wu Jian
Xom
Yredelemnul
Zin
The Shining One
Jiyva

Shops:
D:3 [   D:11 *[   Orc:2 :[?=   Elf:1 :   Elf:3 :   Snake:1 :=:   Snake:4 ?[
Vaults:2 ?   Depths:2 ?

Portals:
Hell: Depths:2 Depths:3
Abyss: Depths:2 Depths:3
Pandemonium: Depths:2

Annotations:
D:7 2 transporters, exclusion: ice statue, geeeeen's ghost, novice SpVM
D:13 Sonja
Vaults:5 1 exclusion


Innate Abilities, Weirdness & Mutations

You are an undying horror.
Your melee and unarmed attacks drain, slow and weaken victims.
You are immune to unholy pain and torment.
You cannot drink.
You are immune to poison.
You passively map a large area around you.
You are easily found by Zot.
You glow in the dark.
You regain HP and MP as you explore.
You possess an exceptional clarity of mind.
You are somewhat resistant to further mutation.


Message History

Casting: Fire Storm (mildly dangerous; 1% risk of failure)
Confirm with . or Enter, or press ? or * to list all spells.
Aiming: Fire Storm (mildly dangerous; 1% risk of failure)
Press: ? - help, Dir - move target You feel a surge of power!
A raging storm of fire appears!
The great blast of fire engulfs Wurefele!!!!
Wurefele partially resists.
You kill Wurefele!
Vehumet accepts your kill.
You feel your power returning.
Casting: Fire Storm (mildly dangerous; 1% risk of failure)
Confirm with . or Enter, or press ? or * to list all spells.
Okay, then.
There is an open door here.
What level of the Dungeon? (default 1, ? - help)
There is an open door here.
Things that are here:
5 stones; a +0 dagger A chaos spawn comes into view.
There is a stone staircase leading up here.
You climb upwards.
There is a stone staircase leading down here.
There is a stone staircase leading down here.
You see here 4 stones.
An orange demon comes into view.
Casting: Fire Storm (mildly dangerous; 1% risk of failure)
Confirm with . or Enter, or press ? or * to list all spells.
Aiming: Lehudib's Crystal Spear (mildly dangerous; 1% risk of failure)
Press: ? - help, Shift-Dir - straight line, f - orange demon
Aim: an orange demon (91% to hit)
You feel a surge of power!
The crystal spear hits the orange demon!!!!
You kill the orange demon!
Vehumet accepts your kill.
You feel your power returning.
What level of the Dungeon? (default 1, ? - help) You're already here!
There is an open door here.
There is a staircase leading out of the dungeon here.
You have escaped!

###.####.#......#.....# #.#
#..............#
#.####...#....###..###
#........#.#### ##...#
#####......# ###.##
######.#.#..# #######..#
#...........###≈≈≈≈≈##'# #
#.##.#.#.#.###........8### #
# , #.#.....##..z.........+[#
# #.###...###........8###.# #
*#.# ###.###≈≈≈≈≈##+# #.# # *
*#.# #.##########.##..# *
*#.# #.##.##...#.....#
#.######.##.##....###.#######
, #................##
##.##.... *########.##......#
#....### * #.##......#*
#.####


There were no monsters in sight!

Vanquished Creatures
  Cerebov (Pan)
  Asmodeus (Geh:7)
  Antaeus (Coc:7)
  the Royal Jelly (Slime:5)
  Gloorx Vloq (Pan)
  Lom Lobon (Pan)
  the Serpent of Hell (Coc:7)
  Dispater (Dis:7)
  Mnoleg (Pan)
  Khufu (Tomb:2)
  6 dread liches
  12 ancient liches
  4 juggernauts
  7 orbs of fire (Zot:5)
  Josephina (Depths:3)
  Vv (Zot:1)
  Sojobo (Depths:1)
  29 royal mummies
  17 shard shrikes
  Vashnia (Snake:4)
  25 caustic shrikes
  15 Killer Klowns
  4 curse toes
  A golden dragon (Depths:4)
  16 bone dragons
  10 profane servitors
  9 Brimstone Fiends
  11 iron giants
  11 tentacled monstrosities
  10 Tzitzimimeh
  10 doom hounds
  30 Hell Sentinels
  2 electric golems (Zot:5)
  8 tainted leviathans
  12 hellephants
  33 Ice Fiends
  A spectral shard shrike (Tar:2)
  14 liches
  10 titans
  27 Orb Guardians
  23 pandemonium lords
  A walking frostbound tome (Zig:11)
  2 deep elf blademasters (Elf:3)
  12 searing wretches
  2 walking divine tomes (Zig:22)
  24 acid blobs
  24 Executioners
  2 deep elf master archers (Elf:3)
  6 quicksilver dragons
  10 tentacled starspawn
  10 sphinxes
  A death cob (Zot:4)
  An eldritch tentacle (Pan)
  37 ancient champions
  10 storm dragons
  7 shadow dragons
  9 tengu reavers
  Aizul (Snake:3)
  Kirke (D:15)
  6 revenants
  3 draconian monks
  4 demonspawn warmongers
  54 nagarajas
  An azure jelly (shapeshifter) (Zig:9)
  21 fire giants
  6 rockslimes
  5 draconian knights
  26 narguns
  4 emperor scorpions (Zig:23)
  Louise (Swamp:3)
  12 frost giants
  19 iron dragons
  18 azure jellies
  10 quicksilver elementals
  2 imperial myrmidons (Desolation)
  5 draconian scorchers
  A daeva (Pan)
  17 vault wardens
  2 spectral juggernauts
  3 spectral caustic shrikes
  2 deep elf sorcerers
  34 balrugs
  5 deep elf elementalists
  6 draconian shifters
  7 ghost moths
  A frost giant (shapeshifter) (Zig:9)
  2 juggernaut zombies
  3 draconian stormcallers (Abyss:3)
  8 shard shrike simulacra
  A demonspawn blood saint (Pan)
  7 ironbound preservers
  11 reapers
  16 quicksilver oozes
  10 cacodemons
  3 demonspawn corrupters (Pan)
  2 spriggan defenders (Depths:3)
  4 curse skulls
  19 very ugly things
  42 war gargoyles
  10 draconian annihilators
  5 ghouls
  An ophan (Zig:22)
  6 ironbound thunderhulks
  9 deep elf demonologists
  A formless jellyfish (shapeshifter) (Zig:19)
  5 formless jellyfish
  30 stone giants
  An apis (Depths:2)
  An eleionoma (shapeshifter) (Zig:19)
  23 elemental wellsprings
  10 putrid mouths
  12 vampire knights
  12 deep elf annihilators
  A halazid warlock (Desolation)
  4 eleionomae
  7 purple draconians
  6 lorocyprocas
  A minotaur (shapeshifter) (Vaults:4)
  7 green draconians
  10 bennus
  A spectral titan (Tar:2)
  A demonspawn black sun (Pan)
  19 wendigos
  6 black draconians
  2 bunyips
  15 dire elephants
  9 red draconians
  4 yellow draconians
  7 white draconians
  7 spark wasps
  2 blizzard demons
  5 green deaths
  52 starcursed masses
  9 eidola
  24 iron golems
  10 deep elf death magi
  28 mummy priests
  6 ettins
  2 spectral quicksilver dragons
  15 crystal guardians
  14 jiangshi
  A spectral golden dragon (Depths:3)
  6 fire dragons
  9 yaktaur captains
  A deep elf high priest (Elf:3)
  14 entropy weavers
  A spriggan zombie (Crypt:3)
  10 ragged hierophants (Desolation)
  Erolcha (D:13)
  5 spectral spriggans
  A quicksilver dragon skeleton (Crypt:3)
  16 great orbs of eyes
  Harold (D:11)
  6 rakshasas
  4 servants of whispers (Desolation)
  4 ogre magi (Orc:2)
  A spectral sphinx (Depths:3)
  5 ice dragons
  7 peacekeepers
  22 hydras
  16 caustic shrike simulacra
  5 juggernaut simulacra
  2 ironbound frosthearts
  25 anacondas
  A jorogumo (Zig:23)
  46 salamander tyrants
  26 vault guards (Vaults:5)
  7 hell beasts
  5 radroaches (Zig:23)
  4 ghost crabs
  2 catoblepae (Zig:21)
  3 spriggan air magi
  14 two-headed ogres
  6 alligators
  5 death knights
  3 centaur warriors (D:13)
  A spectral stone giant (Tar:2)
  A death yak (Zig:18)
  29 naga warriors
  2 stokers
  A bennu skeleton (Crypt:3)
  11 demonic crawlers
  10 deep troll shamans
  10 tengu warriors
  17 vampire magi
  16 dancing weapons
  An orc high priest (Orc:1)
  12 boulder beetles
  64 death scarabs
  9 deep troll earth magi
  8 thrashing horrors
  16 naga sharpshooters
  4 spriggan berserkers
  43 hell hogs
  13 soul eaters
  22 shock serpents
  40 sun demons
  7 deep elf knights
  7 skysharks
  5 spriggans
  Nergalle (D:10)
  13 hell knights
  A storm dragon zombie (Tomb:1)
  2 iron trolls (shapeshifter)
  7 crystal echidnas
  Lodul (D:11)
  8 salamander mystics
  11 iron trolls
  3 sun moths (Zig:23)
  28 skeletal warriors
  23 shadow wraiths
  11 sixfirhies
  9 wretched stars
  6 goliath frogs
  2 spatial maelstroms
  6 sea snakes
  3 pharaoh ants (Zig:23)
  A death drake (Swamp:4)
  4 quicksilver dragon simulacra
  43 deep trolls
  7 shadow demons
  A spectral iron dragon (Tar:5)
  8 flayed ghosts
  11 naga ritualists
  A death drake (shapeshifter) (Zig:19)
  A deep troll (shapeshifter) (Elf:3)
  7 wizards
  3 spriggan druids
  A cherub (D:7)
  A swamp dragon (shapeshifter) (Zig:19)
  10 orb spiders (Zig:23)
  9 deep elf archers
  3 swamp dragons
  8 bog bodies
  6 obsidian statues
  A spectral hydra (Swamp:4)
  10 glowing orange brains
  6 necromancers
  Pikel (D:8)
  5 alligator zombies (Swamp:4)
  9 spriggan simulacra
  A shadow dragon zombie (Depths:3)
  3 orange crystal statues
  4 harpies (Zig:2)
  15 ironbound convokers
  A tengu zombie (Depths:3)
  6 orc knights
  17 phantasmal warriors
  10 lindwurms
  An oklob plant (Zig:21)
  25 deep elf zephyrmancers
  24 deep elf pyromancers
  6 wolf spiders
  4 steelbarb worms (Zig:23)
  14 mana vipers
  5 orc sorcerers
  37 ugly things
  8 cyclopes
  A faun (shapeshifter) (Vaults:5)
  4 shining eyes
  4 will-o-the-wisps
  4 draconians (Abyss:3)
  A worldbinder (Zig:22)
  A manticore (shapeshifter) (Vaults:5)
  7 manticores
  5 elephants
  A moth of wrath (shapeshifter) (Zig:19)
  15 salamanders
  An iron dragon skeleton (Crypt:3)
  6 apocalypse crabs
  32 guardian serpents
  3 ice statues
  A molten gargoyle (Desolation)
  29 naga magi
  13 moths of wrath
  78 black mambas
  4 rust devils
  12 vault sentinels
  31 smoke demons
  A storm dragon simulacrum (Coc:1)
  A torpor snail (shapeshifter) (Zig:13)
  12 gargoyles
  Maggie (D:8)
  14 orange demons
  A purple draconian zombie (Crypt:3)
  7 titan simulacra
  4 eyes of devastation
  20 torpor snails
  Psyche (D:8)
  12 komodo dragons
  27 cane toads
  An unseen horror (Pan)
  3 swamp worm zombies (Swamp:4)
  Jeremiah (D:8)
  16 hellions
  25 yaktaurs
  4 dire elephant skeletons
  2 kobold demonologists
  7 rime drakes
  2 spark wasp simulacra (Depths:3)
  20 freezing wraiths
  A bunyip simulacrum (Hell)
  5 golden dragon simulacra
  2 spectral nagas
  7 tengu conjurers
  10 ice devils
  5 efreet
  5 hydra zombies (Swamp:4)
  23 tormentors
  9 red devils
  10 ancient zymes
  5 anaconda simulacra
  A death yak skeleton (Crypt:3)
  8 hellwings
  52 guardian mummies
  A meliai (Zig:23)
  5 hornets
  2 harpy zombies (Crypt:3)
  A queen bee (shapeshifter) (Elf:2)
  A queen bee (D:10)
  A meliai (shapeshifter) (D:13)
  2 harpy skeletons
  2 silent spectres
  An alligator simulacrum (IceCv)
  Prince Ribbit (D:6)
  Grinder (D:3)
  A wind drake (Zig:2)
  A merfolk (Zig:2)
  14 tyrant leeches
  5 trolls
  A polar bear (shapeshifter) (Abyss:1)
  4 polar bears
  41 saltlings (Desolation)
  2 iron dragon simulacra
  7 bloated husks
  2 tarantellas (Zig:23)
  A dream sheep (Zig:18)
  5 raiju
  2 spectral swamp dragons (Swamp:4)
  A snapping turtle (Zig:2)
  30 blink frogs
  A guardian serpent zombie (Crypt:2)
  3 stone giant simulacra
  40 flying skulls
  130 slime creatures
  2 centaur simulacra
  A culicivora (shapeshifter) (D:14)
  5 jumping spiders
  16 ushabtiu
  28 large abominations
  10 ynoxinuls
  4 air elementals (Elf:1)
  4 naga simulacra
  An orc simulacrum (Coc:1)
  A fire dragon skeleton (Tomb:3)
  4 wyverns
  2 ettin skeletons
  5 fire elementals
  4 culicivoras
  2 shadows
  6 fire bats
  4 vampires (Crypt:3)
  A wraith (Crypt:3)
  2 water elementals
  52 yaks
  8 basilisks
  3 dire elephant simulacra
  21 neqoxecs
  An alligator snapping turtle simulacrum (Coc:3)
  13 golden eyes
  Grum (D:10)
  A fire bat (shapeshifter) (Vaults:5)
  8 redbacks
  2 steam dragons
  12 chaos spawn
  A minotaur simulacrum (IceCv)
  8 vampire mosquitoes
  5 hogs (D:15)
  2 wargs
  13 swamp worms
  64 nagas
  12 harpy simulacra
  An acid dragon (D:10)
  2 hydra simulacra
  An entropy weaver zombie (Crypt:2)
  11 small abominations
  15 water moccasins
  A naga skeleton (Pan)
  2 hell hounds
  2 floating eyes
  13 orc warriors
  2 ettin simulacra
  A water nymph skeleton (Crypt:1)
  2 black bears
  4 swamp drakes
  2 swamp dragon zombies (Swamp:4)
  A black mamba simulacrum (Hell)
  36 ogres
  A sky beast (D:7)
  14 wolves
  A hornet zombie (Crypt:3)
  A snapping turtle skeleton (Crypt:2)
  5 phantoms
  14 centaurs
  A lemure (D:8)
  4 kobold brigands
  13 bullfrogs
  A necrophage (Crypt:2)
  A cyclops zombie (Crypt:2)
  4 gnoll sergeants
  5 deep troll simulacra (IceCv)
  A yaktaur skeleton (Crypt:3)
  2 water moccasin zombies (Ossuary)
  14 earth elementals
  A demonspawn simulacrum (Coc:2)
  A glowing shapeshifter simulacrum (Depths:3)
  23 killer bees
  A shapeshifter skeleton (Crypt:3)
  6 electric eels
  3 howler monkeys
  6 crimson imps (Pan)
  A lava snake (D:14)
  5 jellies
  3 gnoll boudas
  9 orc priests
  A black bear skeleton (Crypt:3)
  A sleepcap (D:5)
  Terence (D:3)
  6 iguanas
  25 orc wizards
  6 hell rats (Hell)
  A human skeleton (Crypt:3)
  3 spectral swamp drakes (Swamp:4)
  54 mummies
  31 gnolls
  8 adders
  2 swamp drake zombies (Swamp:4)
  A swamp drake skeleton (Crypt:1)
  2 white imps (D:7)
  An ufetubus (D:4)
  5 adder zombies (Ossuary)
  3 worms
  A dart slug (D:4)
  96 orcs
  16 endoplasms
  3 giant cockroaches
  3 gnoll zombies (Ossuary)
  12 goblins
  11 hobgoblins
  5 quokkas
  3 ball pythons
  9 bats
  4 frilled lizards
  A gnoll skeleton (Crypt:3)
  A goblin zombie (D:7)
  4 hobgoblin zombies (Ossuary)
  13 kobolds
  2 kobold zombies (Ossuary)
  3 orc zombies (Ossuary)
  7 rats
  A rat zombie (D:7)
  5 ball lightnings (Pan)
  10 creeping infernos
  10 fire vortices
  6 starspawn tentacles
4271 creatures vanquished.

Vanquished Creatures (collateral kills)
  A Killer Klown (Zig:13)
  Geryon (Hell)
  A golden dragon (Vaults:5)
  Norris (Vaults:4)
  An Ice Fiend (Zig:15)
  A sphinx (Tomb:1)
  3 acid blobs
  A tentacled starspawn (Zig:14)
  A shadow dragon (Depths:4)
  A frost giant (Depths:4)
  2 nagarajas
  A vault warden (Vaults:5)
  2 iron dragons
  A stone giant (Depths:2)
  A cacodemon (Pan)
  A vampire knight (Zig:16)
  A black draconian (Depths:4)
  A dire elephant (Zig:18)
  2 entropy weavers (Zig:27)
  An ice dragon (Depths:4)
  A boulder beetle (Zig:20)
  A skyshark (Vaults:4)
  An iron troll (Depths:2)
  A storm dragon skeleton (Depths:3)
  A deep troll (Vaults:5)
  10 starcursed masses
  A golden dragon skeleton (Depths:3)
  A cyclops (shapeshifter) (Zig:13)
  A black mamba (Zig:25)
  A gargoyle (Zig:20)
  A smoke demon (Pan)
  A torpor snail (Zig:21)
  A freezing wraith (Depths:3)
  A golden dragon simulacrum (Depths:3)
  3 saltlings (Desolation)
  3 slime creatures
  A redback (D:14)
  A neqoxec (Depths:2)
  A harpy simulacrum (Crypt:3)
  A water moccasin (Zig:18)
  A large abomination (Zig:22)
  A scorpion (shapeshifter) (Vaults:5)
  A white imp (Abyss:1)
  An orc (Vaults:5)
  An endoplasm zombie (Crypt:2)
  2 starspawn tentacles (Zig:22)
65 creatures vanquished.

Vanquished Creatures (others)
  A sphinx (Tomb:1)
  A stoker (Geh:7)
  A salamander mystic (Snake:4)
  A glowing orange brain (Pan)
  A spriggan simulacrum (Coc:7)
  A tormentor (Geh:6)
  A bloated husk (Swamp:4)
  2 saltlings (Desolation)
  A harpy simulacrum (Coc:7)
  A hydra simulacrum (Coc:7)
  A phantom (Swamp:4)
  An orc (D:12)
  A ball lightning (Pan)
  A creeping inferno (Geh:6)
  895 fire vortices
  18 foxfires (Zig:22)
  93 fulminant prisms
  14 starspawn tentacles
1035 creatures vanquished.

Grand Total: 5371 creatures vanquished

Notes
Turn   | Place    | Note
-------+----------+-------------------------------------------
     0 | D:1      | PurpleRed the Meteoran Venom Mage began the quest for the
                  | Orb.
     0 | D:1      | Reached XP level 1. HP: 14/14 MP: 5/5
    46 | D:1      | Found a faded altar of an unknown god.
   124 | D:1      | Reached XP level 2. HP: 20/20 MP: 3/6
   136 | D:1      | Reached skill level 1 in Conjurations
   193 | D:1      | Learned a level 2 spell: Poisonous Vapours
   211 | D:1      | Reached XP level 3. HP: 22/26 MP: 4/8
   490 | D:2      | Reached XP level 4. HP: 31/33 MP: 7/10
   505 | D:2      | Learned a level 3 spell: Mephitic Cloud
   813 | D:2      | Reached XP level 5. HP: 23/38 MP: 11/11
  1131 | D:3      | Noticed Grinder
  1194 | D:3      | Learned a level 4 spell: Olgreb's Toxic Radiance
  1330 | D:3      | Found Poefan's Antique Armour Shop.
  1331 | D:3      | Noticed Terence
  1514 | D:4      | Reached skill level 5 in Poison Magic
  1524 | D:4      | Noticed a black bear
  1557 | D:4      | Killed a black bear
  1558 | D:4      | Reached skill level 5 in Spellcasting
  1558 | D:4      | Reached XP level 6. HP: 40/45 MP: 12/14
  1614 | D:4      | Learned a level 4 spell: Sticky Flame
  1640 | D:5      | Entered Level 5 of the Dungeon
  1640 | D:5      | Noticed a black bear
  1650 | D:5      | Killed a black bear
  1651 | D:5      | Reached XP level 7. HP: 50/50 MP: 1/16
  1726 | D:4      | Reached skill level 5 in Conjurations
  1871 | D:4      | Reached skill level 1 in Fire Magic
  1998 | D:4      | Found an opulent altar of Gozag.
  2084 | D:3      | Found a shimmering blue altar of Sif Muna.
  2142 | D:5      | Reached XP level 8. HP: 49/57 MP: 12/18
  2153 | D:5      | Learned a level 4 spell: Flame Wave
  2241 | D:5      | HP: 2/57 [orc priest/divine providence (13)]
  2441 | D:5      | You fall into a shaft and drop 1 floor!
  2504 | D:6      | Noticed Prince Ribbit
  2510 | D:6      | Killed Prince Ribbit
  2511 | D:6      | Reached skill level 5 in Fire Magic
  2614 | D:5      | Gained mutation: You passively map the area around you.
                  | [Meteoran growth]
  2614 | D:5      | Reached XP level 9. HP: 44/62 MP: 2/21
  2689 | D:6      | Found a basalt altar of Yredelemnul.
  2698 | D:6      | Found a shadowy altar of Dithmenos.
  2754 | D:6      | Reached skill level 1 in Fighting
  2872 | D:7      | Found a transporter.
  2879 | D:7      | Noticed an ice statue
  2880 | D:7      | Found a transporter.
  2890 | D:7      | Noticed geeeeen's ghost (novice SpVM)
  2917 | D:7      | Found a staircase to the Ecumenical Temple.
  2926 | Temple   | Entered the Ecumenical Temple
  2930 | Temple   | Became a worshipper of Vehumet
  3067 | D:7      | Found a sand-covered staircase.
  3081 | Ossuary  | Entered an ossuary
  3098 | Ossuary  | Learned a level 6 spell: Starburst
  3166 | Ossuary  | Reached * piety under Vehumet
  3166 | Ossuary  | Offered knowledge of Foxfire by Vehumet.
  3224 | Ossuary  | Identified the +4 hand cannon of Outrage {flame, rPois
                  | Will- SInv}
  3276 | D:7      | Identified the +5 sling of Defiance {elec, rElec Stlth+}
  3327 | D:8      | Noticed Jeremiah
  3340 | D:8      | Noticed Pikel
  3356 | D:8      | Noticed Psyche
  3360 | D:8      | Killed Pikel
  3361 | D:8      | Reached XP level 10. HP: 78/78 MP: 14/23
  3389 | D:8      | Killed Psyche
  3487 | D:8      | Noticed a deep elf pyromancer
  3523 | D:8      | Killed a deep elf pyromancer
  3542 | D:8      | Noticed Maggie
  3565 | D:8      | Offered knowledge of Searing Ray by Vehumet.
  3566 | D:8      | Reached skill level 5 in Fighting
  3576 | D:8      | Killed Maggie
  3576 | D:8      | Reached ** piety under Vehumet
  3626 | D:8      | Noticed a green ugly thing
  3626 | D:8      | Noticed a kobold demonologist
  3640 | D:8      | Killed a kobold demonologist
  3686 | D:8      | Killed Jeremiah
  3767 | D:8      | Killed a white ugly thing
  3768 | D:8      | Reached skill level 10 in Spellcasting
  3768 | D:8      | Reached XP level 11. HP: 86/86 MP: 8/26
  3799 | D:8      | Noticed a tengu warrior
  3811 | D:8      | Killed a tengu warrior
  3878 | D:9      | Reached skill level 10 in Fire Magic
  3905 | D:10     | Entered Level 10 of the Dungeon
  3917 | D:9      | Noticed a two-headed ogre
  3927 | D:9      | Killed a two-headed ogre
  3928 | D:9      | Reached skill level 10 in Conjurations
  3951 | D:9      | Learned a level 2 spell: Searing Ray
  3953 | D:9      | Noticed a two-headed ogre
  3966 | D:9      | Killed a two-headed ogre
  4009 | D:9      | Found a staircase to the Orcish Mines.
  4076 | D:9      | Found a stormy altar of Qazlal.
  4081 | D:9      | Identified the +2 ring mail "Yckit" {Harm *Corrode rF++
                  | Dex+3}
  4121 | D:9      | Learned a level 3 spell: Stone Arrow
  4150 | D:9      | Noticed a two-headed ogre
  4163 | D:9      | Killed a two-headed ogre
  4180 | D:10     | Noticed Nergalle
  4273 | D:10     | Killed Nergalle
  4377 | D:10     | Reached XP level 12. HP: 87/94 MP: 15/28
  4379 | D:10     | Offered knowledge of Frozen Ramparts by Vehumet.
  4405 | D:10     | Noticed Grum
  4416 | D:10     | Killed Grum
  4416 | D:10     | Reached *** piety under Vehumet
  4664 | D:11     | Noticed Harold
  4703 | D:11     | Found Gaon's Antique Armour Shop.
  4704 | D:11     | Found Cabihapn's Commerce Corner.
  4711 | D:11     | Offered knowledge of Hailstorm by Vehumet.
  4744 | D:11     | Bought a staff of conjuration for 350 gold pieces
  4791 | D:11     | Killed Harold
  4792 | D:11     | Found a staircase to the Lair.
  4840 | Lair:1   | Entered Level 1 of the Lair of Beasts
  4951 | Lair:1   | Noticed a boulder beetle
  4959 | Lair:1   | Killed a boulder beetle
  4975 | Lair:1   | Reached **** piety under Vehumet
  4983 | Lair:1   | Noticed a boulder beetle
  4988 | Lair:1   | Offered knowledge of Fulminant Prism by Vehumet.
  4990 | Lair:1   | Reached XP level 13. HP: 104/104 MP: 21/30
  4994 | Lair:1   | Killed a boulder beetle
  4995 | Lair:1   | Reached skill level 5 in Dodging
  5031 | Lair:1   | Learned a level 4 spell: Fulminant Prism
  5116 | Lair:2   | Reached skill level 1 in Hexes
  5183 | Lair:2   | Found a staircase to the Snake Pit.
  5318 | Lair:2   | Found a dark tunnel.
  5337 | Volcano  | Entered a volcano
  5371 | Volcano  | Reached ***** piety under Vehumet
  5377 | Volcano  | Offered knowledge of Airstrike by Vehumet.
  5390 | Volcano  | Found a large runed translucent door.
  5390 | Volcano  | Found a large runed translucent door.
  5415 | Volcano  | Found a large runed translucent door.
  5417 | Volcano  | Found a large runed translucent door.
  5441 | Volcano  | Found a large runed translucent door.
  5442 | Volcano  | Found a large runed translucent door.
  5455 | Volcano  | Found a large runed translucent door.
  5455 | Volcano  | Found a large runed translucent door.
  5467 | Volcano  | Found a large runed translucent door.
  5467 | Volcano  | Found a large runed translucent door.
  5505 | Volcano  | Found a large runed translucent door.
  5505 | Volcano  | Found a large runed translucent door.
  5526 | Volcano  | Found a large runed translucent door.
  5526 | Volcano  | Found a large runed translucent door.
  5554 | Volcano  | Reached XP level 14. HP: 113/113 MP: 4/33
  5611 | Volcano  | Found a large runed translucent door.
  5611 | Volcano  | Found a large runed translucent door.
  5617 | Volcano  | Found a large runed translucent door.
  5627 | Volcano  | Found a large runed translucent door.
  5980 | Lair:3   | Reached skill level 15 in Spellcasting
  6027 | Lair:3   | Found a staircase to the Swamp.
  6135 | Lair:5   | Entered Level 5 of the Lair of Beasts
  6243 | Lair:5   | Reached skill level 15 in Fire Magic
  6249 | Lair:5   | Reached skill level 15 in Conjurations
  6271 | Lair:5   | Offered knowledge of Iskenderun's Battlesphere by Vehumet.
  6337 | Lair:5   | Learned a level 5 spell: Fireball
  6343 | Lair:5   | Reached XP level 15. HP: 111/118 MP: 29/35
  6557 | Lair:4   | Found a runed translucent door.
  6557 | Lair:4   | Found a viscous altar of Jiyva.
  6557 | Lair:4   | Found a staircase to the Slime Pits.
  6635 | Lair:3   | Identified the ring of Gariabb {rElec rF+ Will+ rCorr}
  6863 | Lair:1   | Identified a scroll of acquirement
  7053 | D:11     | Learned a level 4 spell: Iskenderun's Mystic Blast
  7094 | D:11     | Bought a bloodstained robe for 205 gold pieces
  7094 | D:11     | Identified the +2 robe "Sajuog" {rF+ Str+5 Int-4} (You
                  | bought it in a shop on level 11 of the Dungeon)
  7095 | D:11     | Bought a pair of gloves for 162 gold pieces
  7125 | D:12     | Offered knowledge of Spellforged Servitor by Vehumet.
  7487 | D:14     | Noticed an ironbound preserver
  7491 | D:14     | Killed an ironbound preserver
  7494 | D:14     | Found a gate to the Vaults.
  7519 | D:13     | Noticed Erolcha
  7522 | D:13     | Killed Erolcha
  7552 | D:14     | Reached XP level 16. HP: 128/128 MP: 24/38
  7699 | D:15     | Entered Level 15 of the Dungeon
  7797 | D:15     | Found a staircase to the Depths.
  7870 | D:15     | Found a portal to a secret trove of treasure.
  8156 | D:13     | Offered knowledge of Lee's Rapid Deconstruction by Vehumet.
  8356 | Orc:1    | Entered Level 1 of the Orcish Mines
  8417 | Orc:2    | Entered Level 2 of the Orcish Mines
  8509 | Orc:2    | Reached XP level 17. HP: 113/139 MP: 13/40
  8510 | Orc:2    | Reached skill level 10 in Fighting
  8526 | Orc:2    | Reached ****** piety under Vehumet
  8579 | Orc:2    | Found Qala Tujo's Magic Scroll Shoppe.
  8579 | Orc:2    | Found Wutein's Book Shop.
  8580 | Orc:2    | Found Hadghiy's Armour Shoppe.
  8580 | Orc:2    | Found Zeos's Jewellery Boutique.
  8594 | Orc:2    | Bought a book of Alchemy for 504 gold pieces
  8597 | Orc:2    | Learned a level 2 spell: Sublimation of Blood
  8599 | Orc:2    | Bought a scroll of enchant armour for 90 gold pieces
  8675 | Orc:2    | Found a staircase to the Elven Halls.
  8809 | Orc:2    | Offered knowledge of Plasma Beam by Vehumet.
  8829 | Orc:2    | Reached skill level 1 in Necromancy
  8862 | Orc:2    | Acquired the ring "Vien" {*Slow rPois rC+ Int+6 Slay+5}
  8871 | Elf:1    | Entered Level 1 of the Elven Halls
  8941 | Elf:1    | Found a shimmering blue altar of Sif Muna.
  9179 | Elf:1    | Found Nideteew's Book Shop.
  9261 | Elf:2    | Reached skill level 5 in Necromancy
  9313 | Elf:3    | Entered Level 3 of the Elven Halls
  9336 | Elf:3    | Noticed a deep elf blademaster
  9342 | Elf:3    | Killed a deep elf blademaster
  9343 | Elf:3    | Gained mutation: You passively map a large area around you.
                  | [Meteoran growth]
  9343 | Elf:3    | Reached XP level 18. HP: 121/147 MP: 26/41
  9363 | Elf:3    | Noticed a deep elf master archer
  9414 | Elf:3    | Killed a deep elf master archer
  9445 | Elf:3    | Noticed a deep elf master archer
  9447 | Elf:3    | Killed a deep elf master archer
  9467 | Elf:3    | Offered knowledge of Eringya's Noxious Bog by Vehumet.
  9596 | Elf:3    | Noticed a deep elf blademaster
  9599 | Elf:3    | Killed a deep elf blademaster
  9625 | Elf:3    | Identified the +0 ring mail of Darghe Caas {Dex+3 Slay+3
                  | Stlth+}
  9633 | Elf:3    | Identified the +2 flail of the Blowfly {drain, SInv Stlth+}
  9720 | Elf:3    | Identified the +8 short sword of the Pure Princes {heavy,
                  | rPois Will++ Int+3}
  9739 | Elf:3    | Identified the +2 robe of Foolhardiness {Dex+4}
  9750 | Elf:3    | Got an ancient book
  9819 | Elf:3    | Learned a level 2 spell: Blink
  9915 | Elf:2    | Reached skill level 1 in Translocations
  9920 | Elf:2    | Reached skill level 1 in Armour
 10002 | Elf:3    | Reached XP level 19. HP: 154/154 MP: 43/43
 10020 | Elf:3    | Found Asucofe's Self-Published Books.
 10055 | Elf:3    | Reached XP level 20. HP: 161/161 MP: 44/44
 10056 | Elf:3    | Reached skill level 10 in Dodging
 10056 | Elf:3    | Reached XP level 21. HP: 168/168 MP: 45/45
 10381 | Snake:1  | Entered Level 1 of the Snake Pit
 10507 | Snake:1  | Found Opotuohenk's Book Boutique.
 10514 | Snake:1  | Found Cominn's Jewellery Emporium.
 10515 | Snake:1  | Found Xeoqiosi's Book Boutique.
 10531 | Snake:1  | Bought Cuibbabb's Compilation of Iron Jinxing for 644 gold
                  | pieces
 10608 | Snake:2  | Offered knowledge of Ignition by Vehumet.
 10609 | Snake:2  | Reached skill level 5 in Armour
 10665 | Snake:2  | Learned a level 8 spell: Ignition
 10807 | Snake:3  | Noticed Aizul
 10811 | Snake:3  | Killed Aizul
 10829 | Snake:3  | Got a sparkling book
 10903 | Snake:3  | Found a frozen archway.
 10914 | IceCv    | Entered an ice cave
 10979 | IceCv    | Identified the +0 pair of boots "Fodueh" {rPois Int+2}
 11266 | Snake:4  | Entered Level 4 of the Snake Pit
 11322 | Snake:3  | Reached XP level 22. HP: 179/179 MP: 41/47
 11400 | Snake:4  | Found Afizoit's Armour Boutique.
 11400 | Snake:4  | Found Oreditra's Magic Scroll Shop.
 11588 | Snake:4  | Noticed Vashnia
 11598 | Snake:4  | Killed Vashnia
 11604 | Snake:4  | Offered knowledge of Fire Storm by Vehumet.
 11604 | Snake:4  | Offered knowledge of Polar Vortex by Vehumet.
 11666 | Snake:4  | Got a serpentine rune of Zot
 11698 | Snake:4  | Learned a level 9 spell: Fire Storm
 11753 | Snake:4  | Bought a scroll of teleportation for 48 gold pieces
 11753 | Snake:4  | Bought a scroll of revelation for 120 gold pieces
 11945 | Snake:1  | Bought a ring of flight for 175 gold pieces
 12206 | Swamp:1  | Entered Level 1 of the Swamp
 12460 | Swamp:3  | Noticed Louise
 12465 | Swamp:3  | Killed Louise
 12484 | Swamp:4  | Entered Level 4 of the Swamp
 12521 | Swamp:4  | Reached XP level 23. HP: 190/190 MP: 44/49
 12661 | Swamp:4  | Noticed a bone dragon
 12665 | Swamp:4  | Killed a bone dragon
 12716 | Swamp:4  | Got a decaying rune of Zot
 13105 | Slime:1  | Entered Level 1 of the Pits of Slime
 13424 | Slime:5  | Entered Level 5 of the Pits of Slime
 13454 | Slime:5  | Noticed the Royal Jelly
 13459 | Slime:5  | Killed the Royal Jelly
 13460 | Slime:5  | Reached XP level 24. HP: 197/198 MP: 50/50
 13497 | Slime:5  | Found the amulet of Vitality {RegenMP++ Regen++}
 13607 | Slime:5  | Identified the +1 ring mail "Coplauff" {rElec rCorr Str-2
                  | Slay+4}
 13609 | Slime:5  | Got a lithographed book
 13684 | Slime:5  | Got a slimy rune of Zot
 13686 | Slime:5  | Identified the +6 scale mail of Egalitarianism {rElec rN+
                  | rCorr Dex+2}
 13727 | Slime:5  | Found the +7 captain's cutlass {speed, disarm}
 13742 | Slime:5  | Identified the +8 glaive "Tisicw" {drain, Will+ rCorr
                  | Str+5}
 13793 | Slime:4  | Gained mutation: You are clumsy. (Dex -2) [a shining eye]
 14139 | D:11     | Noticed Lodul
 14143 | D:11     | Killed Lodul
 14223 | D:13     | Identified the amulet "Quinu" {Reflect rCorr SH+5}
 14285 | Vaults:1 | Entered Level 1 of the Vaults
 14308 | Vaults:1 | Reached skill level 1 in Shapeshifting
 14374 | Vaults:1 | Found a crumbling gateway.
 14413 | Desolati | Entered the Desolation of Salt
 14563 | Desolati | Got a tattered book
 14586 | Desolati | Reached skill level 5 in Shapeshifting
 14632 | Desolati | Identified the ring of Zukapryk {Str+3 Dex+6}
 14636 | Desolati | Identified the +0 great mace of Okawaru's Pride {drain,
                  | Str+4 Int+5 Dex-2}
 14653 | Desolati | Identified the +6 flail of Discomfort {heavy, rC+}
 14657 | Desolati | Identified the +3 whip of Conscience {freeze, Fly rElec
                  | rN+}
 14721 | Desolati | Found the +6 Majin-Bo {spellvamp, MP+6 Int+6}
 14728 | Desolati | Got a humming book
 14731 | Desolati | Got a torn book
 14759 | Desolati | Got an embossed book
 14763 | Desolati | Got a humming book
 14766 | Desolati | Identified the ring "Bouseil" {Fly rElec Will+ Str+3 Int-3}
 14864 | Desolati | Got a quivering book
 14888 | Desolati | Got an inconspicuous book
 14894 | Desolati | Found the +8 autumn katana {manifold assault}
 14913 | Desolati | Glimpsed the power of Zot.
 15145 | Vaults:2 | Found Geoc Fiu's Magic Scroll Shop.
 15147 | Vaults:2 | Found the +3 pair of seven-league boots {Rampage+∞}
 15153 | Vaults:2 | Bought a scroll of amnesia for 76 gold pieces
 15153 | Vaults:2 | Bought a scroll of summoning for 180 gold pieces
 15202 | Vaults:2 | Reached XP level 25. HP: 204/204 MP: 44/52
 15412 | Vaults:4 | Reached skill level 10 in Shapeshifting
 15488 | Vaults:4 | Noticed Norris
 15493 | Vaults:4 | Killed Norris
 15573 | Vaults:5 | Entered Level 5 of the Vaults
 15590 | Vaults:5 | Noticed an ancient lich
 15591 | Vaults:5 | Killed an ancient lich
 15670 | Vaults:5 | Identified the +6 battleaxe of Amotis {pain, +Blink rElec
                  | Int-3}
 15679 | Vaults:5 | Reached XP level 26. HP: 180/212 MP: 48/53
 15743 | Vaults:5 | Got a dog-eared book
 15825 | Vaults:5 | Got a silver rune of Zot
 15858 | Vaults:5 | Identified the orb "Zolo" {*channel, rPois rN++ Dex-4 SInv}
 15880 | Vaults:5 | Identified the +1 battleaxe "Lenyesk" {flame, Dex+7}
 16048 | Vaults:5 | Noticed a dread lich
 16055 | Vaults:5 | Killed a dread lich
 16071 | Vaults:5 | Reached skill level 15 in Shapeshifting
 16105 | Vaults:5 | Identified the ring "Maut Fok" {AC+4 Int+2}
 16109 | Vaults:5 | Identified the +11 scimitar "Athren" {vamp, rPois} (You
                  | took it off a yaktaur on level 5 of the Vaults)
 16113 | Vaults:5 | Noticed an ancient lich
 16115 | Vaults:5 | Killed an ancient lich
 16219 | Vaults:5 | Found the +8 frozen axe "Frostbite" {freeze, freezing
                  | cloud, *Noise Fly rC+}
 16261 | Vaults:5 | Got a shiny book
 16683 | D:15     | Noticed Kirke
 16686 | D:15     | Killed Kirke
 16742 | Depths:1 | Entered Level 1 of the Depths
 16758 | Depths:2 | Found a one-way gate to the infinite horrors of the Abyss.
 16768 | Depths:2 | Found a gateway to Hell.
 16790 | Depths:2 | Identified the ring of Sown {rCorr Int+6 Dex+2 Slay+3}
 16794 | Depths:2 | Identified the ring of Deulil {rPois rN+ MP+9}
 16838 | Depths:2 | Identified the ring of Famiwoil {Wiz rCorr Str-4 Dex+2
                  | Slay+5}
 16844 | Depths:2 | Found Sosotoaw's Magic Scroll Shop.
 16924 | Depths:2 | Learned a level 8 spell: Lehudib's Crystal Spear
 16956 | Depths:2 | Reached XP level 27. HP: 217/217 MP: 47/53
 16957 | Depths:2 | Reached skill level 1 in Earth Magic
 17035 | Depths:3 | Identified the ring of Vesessog {Ice Int+4}
 17035 | Depths:3 | Noticed Josephina
 17037 | Depths:3 | Killed Josephina
 17057 | Depths:3 | Reached skill level 5 in Earth Magic
 17140 | Depths:3 | Found a one-way gateway to a ziggurat.
 17188 | Depths:3 | Found an iron altar of Okawaru.
 17269 | Depths:4 | Entered Level 4 of the Depths
 17288 | Depths:4 | Noticed a juggernaut
 17290 | Depths:4 | Killed a juggernaut
 17381 | Depths:4 | Found a gate to the Realm of Zot.
 17653 | Zig:1    | Entered Level 1 of a ziggurat
 17671 | Zig:2    | Entered Level 2 of a ziggurat
 17695 | Zig:3    | Entered Level 3 of a ziggurat
 17719 | Zig:4    | Entered Level 4 of a ziggurat
 17745 | Zig:5    | Entered Level 5 of a ziggurat
 17773 | Zig:6    | Entered Level 6 of a ziggurat
 17792 | Zig:6    | Got a sparkling book
 17814 | Zig:6    | Lost mutation: You are clumsy. (Dex -2) [potion of
                  | mutation]
 17814 | Zig:6    | Gained mutation: You have a pair of small antennae on your
                  | head. [potion of mutation]
 17815 | Zig:6    | Lost mutation: You have a pair of small antennae on your
                  | head. [potion of mutation]
 17815 | Zig:6    | Gained mutation: You occasionally lose the ability to read
                  | scrolls when taking damage. [potion of mutation]
 17815 | Zig:6    | Gained mutation: Armour fits poorly on your strangely
                  | shaped body. [potion of mutation]
 17815 | Zig:6    | Gained mutation: You are somewhat resistant to further
                  | mutation. [potion of mutation]
 17816 | Zig:6    | Lost mutation: Armour fits poorly on your strangely shaped
                  | body. [potion of mutation]
 17816 | Zig:6    | Lost mutation: You occasionally lose the ability to read
                  | scrolls when taking damage. [potion of mutation]
 17816 | Zig:6    | Gained mutation: You possess an exceptional clarity of
                  | mind. [potion of mutation]
 17831 | Zig:7    | Entered Level 7 of a ziggurat
 17836 | Zig:7    | Reached skill level 10 in Earth Magic
 17868 | Zig:7    | Identified the +3 war axe of Eckonoahi {drain, rPois}
 17878 | Zig:8    | Entered Level 8 of a ziggurat
 17882 | Zig:8    | Noticed a dread lich
 17882 | Zig:8    | Noticed a dread lich
 17884 | Zig:8    | Killed a dread lich
 17885 | Zig:8    | Killed a dread lich
 17899 | Zig:8    | Identified the +0 buckler "Voghisell" {rF+}
 17902 | Zig:8    | Identified the +4 orcbow of the Establishment {flame,
                  | *Corrode Dex+6}
 17918 | Zig:9    | Entered Level 9 of a ziggurat
 17922 | Zig:9    | Noticed Ynel the pandemonium lord
 17922 | Zig:9    | Noticed Ywille the pandemonium lord
 17923 | Zig:9    | Noticed a Killer Klown
 17925 | Zig:9    | Killed a Killer Klown
 17928 | Zig:9    | Killed Ywille the pandemonium lord
 17928 | Zig:9    | Killed Ynel the pandemonium lord
 17954 | Zig:9    | Got a decrepit book
 17960 | Zig:10   | Entered Level 10 of a ziggurat
 17991 | Zig:10   | Identified the +3 lajatang of Indomitability {heavy, Will+}
 18002 | Zig:11   | Entered Level 11 of a ziggurat
 18034 | Zig:11   | Got a foxed book
 18045 | Zig:12   | Entered Level 12 of a ziggurat
 18090 | Zig:12   | Identified the +2 pair of gloves of Fienk {rElec}
 18106 | Zig:13   | Entered Level 13 of a ziggurat
 18118 | Zig:13   | Noticed Jeapees the pandemonium lord
 18118 | Zig:13   | Noticed a Killer Klown
 18118 | Zig:13   | Noticed a Killer Klown
 18118 | Zig:13   | Noticed Iteteute the pandemonium lord
 18118 | Zig:13   | Noticed a Killer Klown
 18119 | Zig:13   | Noticed Wolut the pandemonium lord
 18119 | Zig:13   | Noticed a Killer Klown
 18120 | Zig:13   | Killed a Killer Klown
 18120 | Zig:13   | Noticed a Killer Klown
 18121 | Zig:13   | Reached skill level 5 in Air Magic
 18121 | Zig:13   | Killed a Killer Klown
 18121 | Zig:13   | Killed a Killer Klown
 18122 | Zig:13   | Noticed a Killer Klown
 18123 | Zig:13   | Killed Wolut the pandemonium lord
 18126 | Zig:13   | Killed a Killer Klown
 18127 | Zig:13   | Killed Iteteute the pandemonium lord
 18129 | Zig:13   | Killed a Killer Klown
 18131 | Zig:13   | Killed Jeapees the pandemonium lord
 18142 | Zig:13   | Killed a Killer Klown
 18152 | Zig:13   | Identified the ring "Kocobag" {rC+ Will++ Dex-3}
 18172 | Zig:13   | Identified the staff "Yfricudo" {rElec rF++ Conj}
 18191 | Zig:14   | Entered Level 14 of a ziggurat
 18307 | Zig:14   | Learned a level 9 spell: Chain Lightning
 18312 | Zig:14   | Reached skill level 10 in Air Magic
 18399 | Zig:14   | Identified the ring of Valiun {Ice rN++}
 18415 | Zig:15   | Entered Level 15 of a ziggurat
 18445 | Zig:15   | Identified the staff "Tureuram" {rC- rN+ Str+5 Dex-5 Necro
                  | Earth}
 18446 | Zig:15   | Identified the ring of Vodka {rC+ AC+4 Stlth+}
 18448 | Zig:15   | Identified the +5 chain mail of Knowledge {Will++ Str-4
                  | Dex+3 SInv}
 18452 | Zig:15   | Acquired 1218 gold pieces
 18454 | Zig:15   | Acquired the +2 pair of boots of a wizard's laboratory
                  | {Int+4}
 18473 | Zig:15   | Identified the +2 helmet of the Last Runes {rPois Int+2}
 18475 | Zig:15   | Got a vibrant book
 18478 | Zig:16   | Entered Level 16 of a ziggurat
 18494 | Zig:16   | Noticed an ancient lich
 18497 | Zig:16   | Reached skill level 15 in Fighting
 18500 | Zig:16   | Killed an ancient lich
 18512 | Zig:16   | Identified the +1 scale mail of Piampaik {rElec Slay+3}
 18520 | Zig:16   | Identified the +1 pair of gloves of the Platytaur {rPois}
 18530 | Zig:16   | Identified the staff "Vihupukk" {rN+ rCorr Necro}
 18555 | Zig:17   | Entered Level 17 of a ziggurat
 18565 | Zig:17   | Reached skill level 1 in Long Blades
 18573 | Zig:17   | Reached skill level 5 in Long Blades
 18591 | Zig:17   | Identified the amulet "Vaghay" {Acrobat Str+6 Dex+2}
 18593 | Zig:17   | Identified the +1 chain mail "Xogoeges" {rPois Will+ Dex+3}
 18608 | Zig:17   | Identified the amulet "Dasommes" {Acrobat +Blink Str+3
                  | SInv}
 18609 | Zig:17   | Identified the +7 short sword of Accord {spect, Will-
                  | Int+4}
 18623 | Zig:18   | Entered Level 18 of a ziggurat
 18631 | Zig:18   | Noticed a caustic shrike
 18640 | Zig:18   | Killed a caustic shrike
 18643 | Zig:18   | Noticed a caustic shrike
 18645 | Zig:18   | Reached skill level 15 in Air Magic
 18646 | Zig:18   | Killed a caustic shrike
 18647 | Zig:18   | Noticed a caustic shrike
 18649 | Zig:18   | Killed a caustic shrike
 18674 | Zig:18   | Identified the ring of the Hippogriff {rC+ Int+6 Dex+3}
 18691 | Zig:18   | Reached skill level 10 in Long Blades
 18700 | Zig:18   | Identified the ring "Sexi" {Ice +Blink Dex-2 SInv Stlth+}
 18705 | Zig:18   | Identified the +5 plate armour of Wu Jian, Howling {rC+}
 18710 | Zig:19   | Entered Level 19 of a ziggurat
 18717 | Zig:19   | Noticed Zuprogumn the pandemonium lord
 18720 | Zig:19   | Killed Zuprogumn the pandemonium lord
 18720 | Zig:19   | Noticed a Killer Klown
 18720 | Zig:19   | Noticed a Killer Klown
 18723 | Zig:19   | Noticed Uschon the pandemonium lord
 18723 | Zig:19   | Noticed Taluidot the pandemonium lord
 18723 | Zig:19   | Noticed Uwnue the pandemonium lord
 18723 | Zig:19   | Noticed Qyomotu the pandemonium lord
 18724 | Zig:19   | Noticed a Killer Klown
 18724 | Zig:19   | Noticed Uluog the pandemonium lord
 18725 | Zig:19   | Killed a Killer Klown
 18725 | Zig:19   | Noticed Woaloz the pandemonium lord
 18726 | Zig:19   | Noticed Temooblioge the pandemonium lord
 18726 | Zig:19   | Killed Qyomotu the pandemonium lord
 18726 | Zig:19   | Killed Taluidot the pandemonium lord
 18726 | Zig:19   | Killed a Killer Klown
 18731 | Zig:19   | Killed Uwnue the pandemonium lord
 18731 | Zig:19   | Killed a Killer Klown
 18734 | Zig:19   | Killed Uluog the pandemonium lord
 18734 | Zig:19   | Noticed Ogeosch the pandemonium lord
 18735 | Zig:19   | Killed Uschon the pandemonium lord
 18735 | Zig:19   | Killed Temooblioge the pandemonium lord
 18739 | Zig:19   | Killed Ogeosch the pandemonium lord
 18739 | Zig:19   | Noticed Edohaibo the pandemonium lord
 18740 | Zig:19   | Killed Woaloz the pandemonium lord
 18743 | Zig:19   | Killed Edohaibo the pandemonium lord
 18743 | Zig:19   | Noticed a Killer Klown
 18744 | Zig:19   | Noticed Joqumuis the pandemonium lord
 18746 | Zig:19   | Noticed Larubb the pandemonium lord
 18747 | Zig:19   | Killed Larubb the pandemonium lord
 18749 | Zig:19   | Noticed a Killer Klown
 18753 | Zig:19   | Killed Joqumuis the pandemonium lord
 18756 | Zig:19   | Killed a Killer Klown
 18756 | Zig:19   | Killed a Killer Klown
 18759 | Zig:19   | Noticed Ikusadgh the pandemonium lord
 18766 | Zig:19   | Killed Ikusadgh the pandemonium lord
 18809 | Zig:19   | Got an embossed book
 18812 | Zig:19   | Identified the +9 falchion of Execution {flame, rElec rC+
                  | Dex-3}
 18814 | Zig:19   | Got an inconspicuous book
 18820 | Zig:20   | Entered Level 20 of a ziggurat
 18828 | Zig:20   | Noticed a caustic shrike
 18833 | Zig:20   | Noticed a caustic shrike
 18835 | Zig:20   | Killed a caustic shrike
 18835 | Zig:20   | Killed a caustic shrike
 18903 | Zig:20   | Identified the +0 whip of Dyfiergh {heavy, *Rage rElec
                  | Stlth+}
 18912 | Zig:20   | Identified the ring "Oroigage" {rCorr MP+9 Dex+5}
 18948 | Zig:21   | Entered Level 21 of a ziggurat
 18964 | Zig:21   | Noticed a caustic shrike
 18967 | Zig:21   | Killed a caustic shrike
 18999 | Zig:21   | Found the +9 sword of Power {lifebolt}
 19003 | Zig:21   | Found the +2 hat of the Bear Spirit {Spirit, Bear, *Rage
                  | Will++}
 19010 | Zig:21   | Identified the +4 scale mail "Isoclo" {Slay+2}
 19015 | Zig:21   | Got a quivering book
 19018 | Zig:21   | Identified the +1 long sword of Mourning {freeze, rC++
                  | Dex+3}
 19033 | Zig:21   | Identified the +8 short sword of Goidij {venom, Fragile rF+
                  | rN+ Dex+2}
 19048 | Zig:22   | Entered Level 22 of a ziggurat
 19149 | Zig:22   | Found the ring of the Octopus King
 19180 | Zig:22   | Identified the ring of Heresy {rCorr EV+5 Dex+2 Slay+2
                  | Stlth+}
 19187 | Zig:22   | Identified the +6 longbow of Cylomiss {heavy, +Blink rN+
                  | Stlth+}
 19188 | Zig:22   | Identified the +3 dire flail "Secret Weapon" {flame,
                  | Stlth+}
 19192 | Zig:22   | Identified a ring of the Octopus King {HP+2 MP+9 AC+2 EV+2
                  | SH+2}
 19210 | Zig:23   | Entered Level 23 of a ziggurat
 19260 | Zig:23   | Identified the +3 ring mail "Gamim" {+Blink rPois Dex-3
                  | Stlth+}
 19261 | Zig:23   | Identified the amulet "Xunlar" {Regen+ Str+3 Dex+3}
 19287 | Zig:24   | Entered Level 24 of a ziggurat
 19370 | Zig:24   | Reached skill level 15 in Earth Magic
 19408 | Zig:24   | Identified the ring of Brilliance {Drain *Slow rC+++ MP+9
                  | Int+7}
 19433 | Zig:24   | Identified the ring "Goaghuku" {Fly rCorr SInv}
 19439 | Zig:24   | Got a peculiar book
 19461 | Zig:25   | Entered Level 25 of a ziggurat
 19528 | Zig:25   | Found the +11 plutonium sword {Contam Stlth-}
 19546 | Zig:25   | Identified the +1 battleaxe "Badekk" {venom, rF++ Dex-4
                  | SInv Stlth-}
 19566 | Zig:25   | Identified the +3 sling of the Common Good {drain, Int+4}
 19567 | Zig:25   | Identified the +3 shortbow of the Ten Xeniums {flame, *Slow
                  | rPois rCorr Stlth-}
 19589 | Zig:25   | Learned a level 9 spell: Shatter
 19591 | Zig:26   | Entered Level 26 of a ziggurat
 19640 | Zig:26   | Found the amulet of the Air {Inacc Air Fly rElec RMsl}
 19649 | Zig:26   | Identified the +6 plate armour of Surprise {Rampage}
 19663 | Zig:26   | Got a whispering book
 19693 | Zig:26   | Identified the +6 sling "Jellyslayer" {speed, Fragile rN+
                  | Str+3 Stlth+}
 19701 | Zig:27   | Entered Level 27 of a ziggurat
 19715 | Zig:27   | Noticed a caustic shrike
 19717 | Zig:27   | Noticed a caustic shrike
 19718 | Zig:27   | Killed a caustic shrike
 19721 | Zig:27   | Killed a caustic shrike
 19721 | Zig:27   | Noticed a caustic shrike
 19724 | Zig:27   | Killed a caustic shrike
 19786 | Zig:27   | Found the +2 Maxwell's thermic engine {flame, freeze, rev}
 19810 | Zig:27   | Identified the staff of the Key {Int+5 Conj}
 19815 | Zig:27   | Identified the staff of Glory {rCorr Int+3 Conj}
 19824 | Zig:27   | Identified the amulet "Tad Fott" {Acrobat Dex+2}
 19829 | Zig:27   | Identified the +0 steam dragon scales of the Thoughtful
                  | Knives {rPois Int+2}
 19836 | Zig:27   | Identified the +9 morningstar of the Dead {freeze, rPois}
 19837 | Zig:27   | Identified the +4 plate armour of Vermicelli {rC+ Str+2
                  | Dex-5 Stlth+}
 19841 | Zig:27   | Identified the +4 ring mail "Wicso" {rElec Regen+ Str+2
                  | Int+3 Stlth-}
 20108 | D:11     | Bought a manual of Conjurations for 1120 gold pieces
 20108 | D:11     | Bought a scroll of teleportation for 42 gold pieces
 20108 | D:11     | Bought 2 potions of cancellation for 224 gold pieces
 20130 | D:13     | Noticed Sonja
 20244 | Depths:2 | Found a one-way gate leading to the halls of Pandemonium.
 20440 | Depths:3 | Found an ancient bone altar of Kikubaaqudgha.
 20939 | Depths:2 | Found a sparkling altar of Nemelex Xobeh.
 21382 | Depths:1 | Noticed Sojobo
 21384 | Depths:1 | Killed Sojobo
 21965 | Vaults:3 | Found a staircase to the Crypt.
 21974 | Crypt:1  | Entered Level 1 of the Crypt
 22184 | Crypt:3  | Entered Level 3 of the Crypt
 22206 | Crypt:3  | Noticed an ancient lich
 22208 | Crypt:3  | Killed an ancient lich
 22227 | Crypt:3  | Noticed an ancient lich
 22230 | Crypt:3  | Killed an ancient lich
 22270 | Crypt:3  | Reached skill level 27 in Fighting
 22272 | Crypt:3  | Noticed a curse toe
 22276 | Crypt:3  | Killed a curse toe
 22281 | Crypt:3  | Identified the +0 pair of boots "Adgh" {+Inv rCorr}
 22282 | Crypt:3  | Noticed a curse toe
 22287 | Crypt:3  | Killed a curse toe
 22298 | Crypt:3  | Found a basalt altar of Yredelemnul.
 22298 | Crypt:3  | Found an ancient bone altar of Kikubaaqudgha.
 22701 | Crypt:3  | Found a staircase to the Tomb.
 22711 | Tomb:1   | Entered Level 1 of the Tomb of the Ancients
 22721 | Tomb:1   | Noticed a royal mummy
 22721 | Tomb:1   | Noticed a royal mummy
 22721 | Tomb:1   | Noticed a royal mummy
 22723 | Tomb:1   | Killed a royal mummy
 22723 | Tomb:1   | Noticed a royal mummy
 22723 | Tomb:1   | Noticed a royal mummy
 22724 | Tomb:1   | Killed a royal mummy
 22724 | Tomb:1   | Killed a royal mummy
 22724 | Tomb:1   | Noticed a royal mummy
 22726 | Tomb:1   | Killed a royal mummy
 22728 | Tomb:1   | Killed a royal mummy
 22730 | Tomb:1   | Killed a royal mummy
 22738 | Tomb:1   | Noticed a royal mummy
 22741 | Tomb:1   | Killed a royal mummy
 22741 | Tomb:1   | Noticed a royal mummy
 22741 | Tomb:1   | Noticed a royal mummy
 22744 | Tomb:1   | Killed a royal mummy
 22746 | Tomb:1   | Killed a royal mummy
 22750 | Tomb:1   | Noticed a royal mummy
 22753 | Tomb:1   | Killed a royal mummy
 22756 | Tomb:1   | Noticed a royal mummy
 22758 | Tomb:1   | Noticed a royal mummy
 22759 | Tomb:1   | Killed a royal mummy
 22761 | Tomb:1   | Killed a royal mummy
 22834 | Tomb:1   | Noticed a royal mummy
 22838 | Tomb:1   | Killed a royal mummy
 22868 | Tomb:1   | Noticed a royal mummy
 22873 | Tomb:1   | Killed a royal mummy
 22913 | Tomb:2   | Noticed a royal mummy
 22913 | Tomb:2   | Noticed a royal mummy
 22914 | Tomb:2   | Noticed a royal mummy
 22914 | Tomb:2   | Noticed a royal mummy
 22917 | Tomb:2   | Killed a royal mummy
 22917 | Tomb:2   | Killed a royal mummy
 22918 | Tomb:2   | Killed a royal mummy
 22919 | Tomb:2   | Killed a royal mummy
 22931 | Tomb:2   | Noticed a royal mummy
 22932 | Tomb:2   | Noticed a royal mummy
 22934 | Tomb:2   | Noticed Khufu
 22935 | Tomb:2   | Killed a royal mummy
 22936 | Tomb:2   | Killed a royal mummy
 22937 | Tomb:2   | Reached skill level 27 in Spellcasting
 22938 | Tomb:2   | Killed Khufu
 22965 | Tomb:2   | Reached skill level 27 in Conjurations
 23019 | Tomb:2   | Reached skill level 1 in Ice Magic
 23251 | Tomb:2   | Identified the +4 scale mail "Pazadi" {rF+ rN+ Str-2}
 23317 | Tomb:3   | Entered Level 3 of the Tomb of the Ancients
 23337 | Tomb:3   | Reached skill level 15 in Long Blades
 23340 | Tomb:3   | Reached skill level 5 in Ice Magic
 23341 | Tomb:3   | Noticed a royal mummy
 23347 | Tomb:3   | Noticed a royal mummy
 23353 | Tomb:3   | Killed a royal mummy
 23354 | Tomb:3   | Reached skill level 10 in Necromancy
 23355 | Tomb:3   | Killed a royal mummy
 23364 | Tomb:3   | Noticed a royal mummy
 23364 | Tomb:3   | Noticed a royal mummy
 23364 | Tomb:3   | Noticed a royal mummy
 23365 | Tomb:3   | Noticed a royal mummy
 23365 | Tomb:3   | Noticed a royal mummy
 23368 | Tomb:3   | Killed a royal mummy
 23368 | Tomb:3   | Killed a royal mummy
 23368 | Tomb:3   | Killed a royal mummy
 23369 | Tomb:3   | Reached skill level 10 in Armour
 23369 | Tomb:3   | Killed a royal mummy
 23369 | Tomb:3   | Killed a royal mummy
 23371 | Tomb:3   | Noticed a royal mummy
 23374 | Tomb:3   | Killed a royal mummy
 23383 | Tomb:3   | Noticed a royal mummy
 23387 | Tomb:3   | Killed a royal mummy
 23394 | Tomb:3   | Got a golden rune of Zot
 23643 | Tomb:3   | Found the +13 scythe of Curses {drain, curses, Drain}
 23671 | Tomb:3   | Identified the +5 great mace of the Burning Gods {freeze,
                  | rElec Will+ Dex+4}
 23693 | Tomb:3   | Identified the +5 arbalest of Xenedoo {drain, Drain MP+9
                  | Int+4 SInv}
 23708 | Tomb:3   | Identified the +0 pair of gloves of the Tentacled God
                  | {Regen+}
 23710 | Tomb:3   | Identified the ring "Ybrumi Cenaw" {+Blink rF+ rN+ Slay+2}
 23730 | Tomb:3   | Identified the +1 cloak of the Giraffatuar {rPois rF+}
 24219 | Depths:1 | Learned a level 9 spell: Polar Vortex
 24270 | Pan      | Entered Pandemonium
 24274 | Pan      | Noticed Xonkoege the pandemonium lord
 24277 | Pan      | Killed Xonkoege the pandemonium lord
 24299 | Pan      | Got a demonic rune of Zot
 24367 | Pan      | Noticed Waoss the pandemonium lord
 24371 | Pan      | Killed Waoss the pandemonium lord
 24401 | Pan      | Entered the realm of Cerebov.
 24531 | Pan      | Identified the +0 robe "Gejyozo" {rF+ Stlth+}
 24534 | Pan      | Identified the ring "Foig" {rC+ rN+}
 24694 | Pan      | Found the +6 sword of Cerebov {flame}
 24694 | Pan      | Noticed Cerebov
 24704 | Pan      | Killed Cerebov
 24705 | Pan      | Reached skill level 10 in Ice Magic
 24737 | Pan      | Identified the staff "Oroewehu" {Fragile +Blink rElec
                  | Will++ rCorr Str+3 Air}
 24738 | Pan      | Identified the +4 great sword "Itadiph" {heavy, +Blink rC+
                  | Dex-5}
 24741 | Pan      | Identified the +5 mace of Ravage {spect, *Slow rPois
                  | Will+++ Str+4}
 24764 | Pan      | Got a fiery rune of Zot
 24827 | Pan      | Identified the +10 dagger "Newtslayer" {drain, Will+++
                  | Int-2 Dex+3}
 24832 | Pan      | Identified the ring "Jazoptine" {rF+ Int+2}
 25000 | Pan      | Entered the realm of Gloorx Vloq.
 25068 | Pan      | Noticed Gloorx Vloq
 25073 | Pan      | Killed Gloorx Vloq
 25091 | Pan      | Got a dark rune of Zot
 25195 | Pan      | Noticed Koteul the pandemonium lord
 25198 | Pan      | Killed Koteul the pandemonium lord
 25214 | Pan      | Entered the realm of Mnoleg.
 25219 | Pan      | Noticed Mnoleg
 25229 | Pan      | Killed Mnoleg
 25245 | Pan      | Got a glowing rune of Zot
 25326 | Depths:2 | Escaped Pandemonium
 25353 | Pan      | Entered Pandemonium
 25424 | Pan      | Found a transporter.
 25524 | Pan      | Found a transporter.
 25546 | Pan      | Identified the ring "Jineof" {Will++ MP+9}
 25547 | Pan      | Identified the amulet "Ackejuga" {Reflect Str+2 SH+5}
 25562 | Pan      | Identified the ring "Didaotwi" {rF+ Will+ Str+4 Int+6}
 25746 | Pan      | Entered the realm of Lom Lobon.
 25812 | Pan      | Noticed Lom Lobon
 25825 | Pan      | Killed Lom Lobon
 25839 | Pan      | Got a magical rune of Zot
 26093 | Pan      | Noticed Wuegasau the pandemonium lord
 26105 | Pan      | Killed Wuegasau the pandemonium lord
 26140 | Depths:2 | Escaped Pandemonium
 26162 | Depths:2 | Upgraded the game from 0.31-a0-859-g9dce7d3 to
                  | 0.31-a0-865-g3d5d917
 26164 | Depths:2 | Voluntarily entered the Abyss.
 26168 | Abyss:1  | Found a corrupted altar of Lugonu.
 26318 | Abyss:2  | Found a corrupted altar of Lugonu.
 26345 | Abyss:3  | Found a transporter.
 26357 | Abyss:3  | Noticed an ancient lich
 26363 | Abyss:3  | Killed an ancient lich
 26370 | Abyss:3  | Got an abyssal rune of Zot
 26383 | Depths:2 | Escaped the Abyss
 26397 | Hell     | Entered the Vestibule of Hell
 26397 | Hell     | Noticed Geryon
 26412 | Hell     | Reached skill level 15 in Ice Magic
 26420 | Hell     | Killed Geryon
 26458 | Hell     | Found a gateway to the freezing wastes of Cocytus.
 26487 | Coc:1    | Entered Level 1 of Cocytus
 26513 | Coc:2    | Noticed a shard shrike
 26514 | Coc:2    | Noticed a shard shrike
 26514 | Coc:2    | Noticed a shard shrike
 26515 | Coc:2    | Killed a shard shrike
 26516 | Coc:2    | Killed a shard shrike
 26516 | Coc:2    | Killed a shard shrike
 26517 | Coc:2    | Reached skill level 15 in Dodging
 26541 | Coc:3    | Noticed a shard shrike
 26542 | Coc:3    | Noticed a shard shrike
 26542 | Coc:3    | Noticed a shard shrike
 26542 | Coc:3    | Noticed a shard shrike
 26542 | Coc:3    | Noticed a shard shrike
 26543 | Coc:3    | Killed a shard shrike
 26543 | Coc:3    | Killed a shard shrike
 26544 | Coc:3    | Noticed a shard shrike
 26544 | Coc:3    | Killed a shard shrike
 26544 | Coc:3    | Noticed a shard shrike
 26545 | Coc:3    | Killed a shard shrike
 26547 | Coc:3    | Killed a shard shrike
 26547 | Coc:3    | Killed a shard shrike
 26548 | Coc:3    | Killed a shard shrike
 26563 | Coc:4    | Noticed a shard shrike
 26566 | Coc:4    | Reached skill level 15 in Armour
 26566 | Coc:4    | Killed a shard shrike
 26568 | Coc:4    | Noticed a shard shrike
 26571 | Coc:4    | Killed a shard shrike
 26635 | Coc:7    | Entered Level 7 of Cocytus
 26635 | Coc:7    | Noticed a shard shrike
 26639 | Coc:7    | Killed a shard shrike
 26668 | Coc:7    | Noticed a shard shrike
 26672 | Coc:7    | Killed a shard shrike
 26745 | Coc:7    | Found the +8 lance "Wyrmbane" {slay drac, rPois rF+ rC+
                  | AC+3}
 26748 | Coc:7    | Paralysed by a wendigo for 1 turns
 26774 | Coc:7    | Identified the staff "Logyuv" {rN+ Conj}
 26784 | Coc:7    | Noticed a shard shrike
 26785 | Coc:7    | Noticed a shard shrike
 26787 | Coc:7    | Killed a shard shrike
 26788 | Coc:7    | Killed a shard shrike
 26852 | Coc:7    | Noticed a shard shrike
 26852 | Coc:7    | Noticed an ancient lich
 26856 | Coc:7    | Killed a shard shrike
 26862 | Coc:7    | Paralysed by a wendigo for 1 turns
 26871 | Coc:7    | Noticed Antaeus
 26883 | Coc:7    | Killed an ancient lich
 26884 | Coc:7    | Noticed the Serpent of Hell
 26891 | Coc:7    | Killed the Serpent of Hell
 26915 | Coc:7    | Killed Antaeus
 26957 | Coc:7    | Got an icy rune of Zot
 27062 | Hell     | Found a gateway to the Iron City of Dis.
 27081 | Dis:1    | Entered Level 1 of the Iron City of Dis
 27164 | Dis:4    | Noticed a caustic shrike
 27164 | Dis:4    | Noticed a caustic shrike
 27164 | Dis:4    | Noticed a caustic shrike
 27166 | Dis:4    | Killed a caustic shrike
 27166 | Dis:4    | Noticed a caustic shrike
 27167 | Dis:4    | Killed a caustic shrike
 27167 | Dis:4    | Killed a caustic shrike
 27167 | Dis:4    | Noticed a caustic shrike
 27167 | Dis:4    | Noticed a caustic shrike
 27169 | Dis:4    | Killed a caustic shrike
 27169 | Dis:4    | Killed a caustic shrike
 27169 | Dis:4    | Killed a caustic shrike
 27170 | Dis:4    | Noticed a caustic shrike
 27172 | Dis:4    | Killed a caustic shrike
 27261 | Dis:6    | Noticed a caustic shrike
 27261 | Dis:6    | Noticed a caustic shrike
 27261 | Dis:6    | Noticed a caustic shrike
 27261 | Dis:6    | Noticed a caustic shrike
 27261 | Dis:6    | Noticed a caustic shrike
 27262 | Dis:6    | Killed a caustic shrike
 27263 | Dis:6    | Killed a caustic shrike
 27263 | Dis:6    | Killed a caustic shrike
 27263 | Dis:6    | Killed a caustic shrike
 27264 | Dis:6    | Killed a caustic shrike
 27271 | Dis:7    | Entered Level 7 of the Iron City of Dis
 27292 | Dis:7    | Noticed a caustic shrike
 27295 | Dis:7    | Killed a caustic shrike
 27304 | Dis:7    | Noticed a caustic shrike
 27307 | Dis:7    | Killed a caustic shrike
 27353 | Dis:7    | Noticed a caustic shrike
 27354 | Dis:7    | Killed a caustic shrike
 27405 | Dis:7    | Reached skill level 5 in Stealth
 27405 | Dis:7    | Noticed a caustic shrike
 27407 | Dis:7    | Noticed a juggernaut
 27411 | Dis:7    | Killed a juggernaut
 27411 | Dis:7    | Noticed a juggernaut
 27412 | Dis:7    | Killed a caustic shrike
 27413 | Dis:7    | Noticed a juggernaut
 27414 | Dis:7    | Killed a juggernaut
 27417 | Dis:7    | Killed a juggernaut
 27487 | Dis:7    | Noticed Dispater
 27493 | Dis:7    | Killed Dispater
 27518 | Dis:7    | Identified the +1 rapier of Light {drain, rF+}
 27522 | Dis:7    | Got an iron rune of Zot
 27641 | Hell     | Found a gateway to the ashen valley of Gehenna.
 27653 | Geh:1    | Entered Level 1 of Gehenna
 27738 | Geh:2    | Reached skill level 10 in Stealth
 28033 | Geh:7    | Entered Level 7 of Gehenna
 28205 | Geh:7    | Found the +13 sceptre of Asmodeus
 28205 | Geh:7    | Noticed Asmodeus
 28212 | Geh:7    | Killed Asmodeus
 28224 | Geh:7    | Found the +2 hood of the Assassin {Detect Stab+ Stlth++}
 28224 | Geh:7    | Found the +3 crown of Dyrovepreva {rElec Int+2 SInv}
 28289 | Geh:7    | Identified the +10 great sword "Dragon's Tongue" {vamp,
                  | Stlth+}
 28295 | Geh:7    | Identified the ring of Zuigoch {Str+6 Int+5 Dex+3}
 28301 | Geh:7    | Identified the +10 plate armour "Zejagir" {Int+3 Slay+3}
 28320 | Geh:7    | Got an obsidian rune of Zot
 28401 | Hell     | Found a gateway to the decaying netherworld of Tartarus.
 28415 | Tar:1    | Entered Level 1 of Tartarus
 28485 | Tar:2    | Noticed a dread lich
 28487 | Tar:2    | Killed a dread lich
 28519 | Tar:3    | Reached skill level 15 in Stealth
 28649 | Tar:7    | Entered Level 7 of Tartarus
 28668 | Tar:7    | Noticed an ancient lich
 28670 | Tar:7    | Killed an ancient lich
 28760 | Tar:7    | Noticed an ancient lich
 28765 | Tar:7    | Killed an ancient lich
 28782 | Tar:7    | Learned a level 1 spell: Apportation
 28788 | Tar:7    | Got a bone rune of Zot
 28939 | Zot:1    | Entered Level 1 of the Realm of Zot
 28968 | Zot:1    | Noticed Vv
 28970 | Zot:1    | Killed Vv
 29109 | Zot:5    | Entered Level 5 of the Realm of Zot
 29124 | Zot:5    | Noticed an ancient lich
 29124 | Zot:5    | Noticed a dread lich
 29126 | Zot:5    | Killed an ancient lich
 29127 | Zot:5    | Killed a dread lich
 29131 | Zot:5    | Noticed an orb of fire
 29132 | Zot:5    | Noticed an orb of fire
 29136 | Zot:5    | Noticed an orb of fire
 29136 | Zot:5    | Noticed an ancient lich
 29138 | Zot:5    | Killed an orb of fire
 29138 | Zot:5    | Noticed a Killer Klown
 29140 | Zot:5    | Killed an ancient lich
 29140 | Zot:5    | Killed an orb of fire
 29141 | Zot:5    | Killed a Killer Klown
 29143 | Zot:5    | Killed an orb of fire
 29155 | Zot:5    | Noticed an orb of fire
 29155 | Zot:5    | Noticed an orb of fire
 29155 | Zot:5    | Noticed an orb of fire
 29158 | Zot:5    | Noticed a Killer Klown
 29159 | Zot:5    | Killed an orb of fire
 29159 | Zot:5    | Noticed a Killer Klown
 29159 | Zot:5    | Noticed an orb of fire
 29160 | Zot:5    | Killed a Killer Klown
 29160 | Zot:5    | Killed an orb of fire
 29161 | Zot:5    | Killed an orb of fire
 29162 | Zot:5    | Noticed a Killer Klown
 29164 | Zot:5    | Killed a Killer Klown
 29165 | Zot:5    | Killed a Killer Klown
 29166 | Zot:5    | Killed an orb of fire
 29195 | Zot:5    | Noticed an ancient lich
 29198 | Zot:5    | Killed an ancient lich
 29204 | Zot:5    | Noticed a curse toe
 29209 | Zot:5    | Killed a curse toe
 29229 | Zot:5    | Noticed a dread lich
 29233 | Zot:5    | Killed a dread lich
 29373 | Zot:5    | Got the Orb of Zot
 29389 | Zot:5    | Noticed a curse toe
 29395 | Zot:5    | Killed a curse toe
 29668 | D:15     | You paid a toll of 13 potions of heal wounds to enter a
                  | treasure trove
 29669 | Trove    | Identified Cuageoho's Parchment of Gusts (Sif Muna gifted
                  | it to you in a treasure trove)
 29669 | Trove    | Identified Sif Muna's Catalogue of Confrontation (Sif Muna
                  | gifted it to you in a treasure trove)
 29669 | Trove    | Identified Sif Muna's Anthology of the Fulgurant Impact
                  | (Sif Muna gifted it to you in a treasure trove)
 29669 | Trove    | Identified Sif Muna's Treatise on the Rotting Volcano (Sif
                  | Muna gifted it to you in a treasure trove)
 29669 | Trove    | Identified Sif Muna's Anthology of Sinister Power (Sif Muna
                  | gifted it to you in a treasure trove)
 29669 | Trove    | Identified Sif Muna's Parchment of Outbursts (Sif Muna
                  | gifted it to you in a treasure trove)
 29669 | Trove    | Identified Sif Muna's Notes on Scorched Blasts (Sif Muna
                  | gifted it to you in a treasure trove)
 29669 | Trove    | Identified Caczov's Lectures on Geomancy and Evil (Sif Muna
                  | gifted it to you in a treasure trove)
 29669 | Trove    | Entered a treasure trove
 30066 | D:3      | Killed Grinder
 30070 | D:3      | Killed Terence
 30071 | D:3      | Bought a faintly humming robe for 114 gold pieces
 30071 | D:3      | Identified the +1 robe of Grace {Will- Int+8 Dex-3} (You
                  | bought it in a shop on level 3 of the Dungeon)
 30184 | D:2      | Noticed Wurefele the pandemonium lord
 30187 | D:2      | Killed Wurefele the pandemonium lord
 30247 | D:$      | Escaped with the Orb!

Illustrated notes

Levels and vault maps discovered:
D:1:      wander_arrival_chamber, layout_loops_ring,
          hellmonk_ecumenical_altar_lost_god, minmay_tetromino_s2
D:2:      minmay_inner_zag, layout_loops_corners, minmay_misc_feat_secret_circle
D:3:      layout_loops_ring, mainiacjoe_overflow_boulevard, serial_shops,
          nicolae_shop_temple_entry_statues_fountains, uniq_terence,
          uniq_grinder
D:4:      layout_basic, lemuel_doored_altar, amethyst_killhole
D:5:      kennysheep_spiral_hall, layout_cave_pods
D:6:      layout_rooms, mainiacjoe_overflow_big_doors, uniq_prince_ribbit1
D:7:      layout_layer_cave, minmay_temple_entry_poolview, enter_ossuary_4,
          nzn_ghost_randoct
D:8:      layout_cave_pools, kb_rosetta, uniq_maggie, uniq_pikel, uniq_psyche,
          uniq_jeremiah
D:9:      layout_rooms, general_overflow_altar, orc_0_dummy
D:10:     layout_basic, ebering_dispersal_statue_hall, minivault_7, uniq_grum,
          uniq_nergalle
D:11:     layout_loops_ring, lair_entry_dummy, serial_shops, shop, st_stairs_1,
          nicolae_alphabet_shops, nicolae_wu_jian_immortal_techniques,
          uniq_lodul, uniq_harold
D:12:     layout_cave_pools
D:13:     lemuel_flame_loot_2, layout_rooms, uniq_sonja, uniq_erolcha
D:14:     minmay_curly_fans, layout_long_grid, skrybe_vaults_entry_preservation,
          kennysheep_boxes
D:15:     grunt_enter_depths_snipers, layout_basic, enter_trove_3,
          dk_noncrumbling_3, uniq_kirke
Temple:   sentei_temple_godly_chess
Lair:1:   layout_chaotic_city, grunt_megastairs_3, infiniplex_staircase_pool_2
Lair:2:   layout_chaotic_city, minmay_snake_entry_guardpost_medium,
          lightli_volcano_entry_magma_tube
Lair:3:   layout_layer_cave, swamp_mist, minmay_lindwurm_lava
Lair:4:   layout_misc_corridors, slime_entry_2, minmay_stone_trees_large
Lair:5:   minmay_lair_end_frog_pond, layout_regular_city,
          gammafunk_ghost_hydra_chop, lemuel_fruit_tree
Swamp:1:  layout_basic_swamp, evilmike_swamp_ruin_house_5,
          infiniplex_staircase_pool
Swamp:2:  layout_falls_marsh, evilmike_swamp_ruin_house_2, swamp_pool5,
          nicolae_swamp_very_dense_foliage
Swamp:3:  layout_falls_marsh, hangedman_swamp_ruin_wall, swamp_pool4,
          hangedman_swamp_wriggling, uniq_louise
Swamp:4:  swamp_pestilence, layout_basic_swamp, swamp_pool1
Snake:1:  layout_grid_shapes, grunt_megastairs_1, serial_bayou_shore_a,
          minmay_shop_grove, serial_bayou_shore_b
Snake:2:  hangedman_cross_stitches, layout_misc_corridors, grunt_ministairs_14,
          minmay_snake_pond
Snake:3:  layout_chambers, portal_ice_cave_entry_ice_statue_one, uniq_aizul
Snake:4:  grunt_snake_rune_serpentine_throne, layout_cave_town, minmay_shoptagon
Slime:1:  layout_caves
Slime:2:  layout_caves, nicolae_slime_phagocytosis
Slime:3:  layout_caves, cheibrodos_slime_lost_civilization_7
Slime:4:  layout_caves
Slime:5:  slime_pit_nicolae_inversion
Orc:1:    layout_caves, serial_shops, nicolae_orc_crystal_geode
Orc:2:    st_orc_ogre_mass, layout_caves, minmay_orc_barracks
Elf:1:    eino_elf_arrival_customs, layout_geoelf_diagonals, serial_glass,
          glass_columns_a, glass_columns_a, serial_shops,
          nicolae_book_shop_shelving, basic_altar, minivault_28,
          nicolae_concentric_dashed_squares_wild
Elf:2:    nicolae_elf_blades_splatter_lattice
          [nicolae_blade_entry_sentries_behind_glass], layout_rooms,
          serial_sigils_hangedman_etch, grunt_megastairs_2, uniq_zenata
Elf:3:    grunt_elf_hall_spiral, layout_gridlike, nicolae_custom_books,
          minivault_16
Vaults:1: portal_desolation_entry_nicolae_slug, nicolae_vaults_wine_cellar,
          nicolae_vaults_storage_closets_3, nicolae_vaults_layer_cake_slice,
          nicolae_vaults_shelves_hall, hangedman_vaults_capsules,
          nicolae_vaults_little_squares_3, vaults_room_door_ring,
          layout_vaults_omnigrid
Vaults:2: nicolae_vaults_doubleplus_tesselated, nicolae_vaults_more_shelving_2,
          nicolae_vaults_disjoint_gnomons, nicolae_vaults_ninety_degrees,
          ontoclasm_vaults_chip, nicolae_vaults_hexular_roomagon,
          nicolae_vaults_mitosis, hangedman_vaults_impose,
          grunt_vaults_diagonal, nicolae_vaults_murder_corner,
          vaults_dpeg_hooks, nicolae_vaults_offset_grid_hallway_3,
          v_alt_pattern_1, layout_vaults_maze_bifur, serial_shops,
          nicolae_shop_stone
Vaults:3: nicolae_vaults_door_testing_chamber, v_misc_3, v_misc_12, v_misc_11,
          nicolae_vaults_oval_intersection, vaults_mumra_chevron,
          hangedman_vaults_maws, hangedman_vaults_snaps,
          layout_vaults_omnicross, minmay_crypt_entry_nasty_monster,
          uniq_margery
Vaults:4: nicolae_vaults_diamond_1, vaults_dpeg_cross,
          nicolae_vaults_windows_and_doors_thing,
          nicolae_vaults_yaktaur_gun_rack, v_misc_15,
          vaults_room_hangedman_quadrants, nicolae_vaults_turnstiles,
          vaults_room_semicircle, nicolae_vaults_weapon_check,
          vaults_room_pools, nicolae_vaults_house_1, layout_vaults_chaotic_city,
          serial_shops, nicolae_shop_dealshenge,
          nicolae_shop_bloodbath_and_beyond, uniq_norris
Vaults:5
Crypt:1:  hangedman_staggered_hall, layout_gridlike, fountainhead, st_stairs_13,
          nicolae_crypt_niches, minmay_misc_feat_cross, uniq_donald
Crypt:2:  layout_rooms, feat_on_display
Crypt:3:  lightli_unholy_cathedral, layout_chaotic_city,
          tomb_entry_pyramid_bobbens, small_chamber_with_monster, st_stairs_9
Tomb:1
Tomb:2:   uniq_khufu
Tomb:3
Depths:1: layout_gridlike, grunt_decor_junction, hangedman_coc_ice_floe,
          minislime_mu, kennysheep_random_hallway, uniq_sojobo
Depths:2: minmay_cut_squares, layout_gridville, abyss_entry, hell_entry,
          rand_demon_pan_entry_9, serial_shops, shop,
          nemelex_xobeh_ov_fountains_minmay
Depths:3: lemuel_vampire_tower, layout_cave_pools, enter_ziggurat_a,
          grunt_hell_entry_dis_mu, okawaru_trees_1, abyss_entry,
          kennysheep_generic_room_3, infiniplex_staircase_trident,
          uniq_josephina
Depths:4: grunt_zot_entry_gee_three, layout_cave_shapes, hell_entry
Hell
Dis:1:    layout_regular_city
Dis:2:    layout_regular_city
Dis:3:    layout_regular_city
Dis:4:    layout_regular_city
Dis:5:    layout_regular_city, nicolae_hells_fiendish_ambush
Dis:6:    layout_jigsaw
Dis:7:    dis_grunt_layers
Geh:1:    layout_gehenna_pools_box
Geh:2:    layout_gehenna_lava_caves
Geh:3:    layout_gehenna_lava_caves
Geh:4:    layout_gehenna_pools_basic
Geh:5:    layout_gehenna_pools_triple
Geh:6:    layout_gehenna_pools_basic
Geh:7:    geh_mu
Coc:1:    nicolae_coc_three_more_mouths, layout_ice_bergs
Coc:2:    layout_ice_bergs, special_room [special_room_morgue]
Coc:3:    layout_cocytus_delve
Coc:4:    layout_ice_bergs
Coc:5:    layout_cocytus_water_paths
Coc:6:    layout_cocytus_water_paths
Coc:7:    coc_grunt
Tar:1:    layout_honeycomb, nicolae_tar_cuneiform_two, nicolae_tar_cuneiform_not
Tar:2:    layout_catacombs, nicolae_tar_cuneiform_oil
Tar:3:    layout_grid_maze, nicolae_tar_cuneiform_to_be, door_vault
Tar:4:    layout_grid_maze
Tar:5:    layout_catacombs
Tar:6:    layout_grid_maze, nicolae_tar_cuneiform_heaven,
          nicolae_tar_cuneiform_sun
Tar:7:    tar_old
Zot:1:    layout_twisted_circle, uniq_vv
Zot:2:    layout_cellular_growth
Zot:3:    layout_gridlike, lemuel_golem_globe, uniq_parghit
Zot:4:    layout_twisted_circle, gammafunk_ghost_grave
Zot:5:    layout_cathedral_of_symmetry

Skill      XL: |  1  2  3  4  5  6  7  8  9 10 11 12 13 14 15 16 17 18 19 20 21 22 23 24 25 26 27 |
---------------+----------------------------------------------------------------------------------+-----
Spellcasting   | 3 5 6 7 8 10 11 12 14 15 17 18 19 20 21 22 24 25 27 | 27.0
Conjurations   | 1 2 4 5 6 8 9 11 12 13 15 16 17 18 19 20 22 27 | 27.0
Poison Magic   | 4 5 6 |  6.0
Fire Magic     | 2 5 8 9 11 12 13 15 16 17 18 19 20 22 23 | 23.0
Fighting       | 3 5 6 7 8 9 10 11 12 27 | 27.0
Dodging        | 4 6 7 9 10 20 | 20.0
Hexes          | 3 |  3.0
Necromancy     | 6 8 9 10 | 10.0
Translocations | 1 2 |  2.0
Armour         | 1 3 4 7 8 15 | 15.0
Shapeshifting  | 9 13 18 23 | 23.0
Earth Magic    | 23 | 23.0
Air Magic      | 23 | 23.0
Long Blades    | 20 | 20.0
Ice Magic      | 23 | 23.0
Stealth        | 22 | 22.2
Transmutations | |  1.2

Action                     |  1- 3 |  4- 6 |  7- 9 | 10-12 | 13-15 | 16-18 | 19-21 | 22-24 | 25-27 || total
---------------------------+-------+-------+-------+-------+-------+-------+-------+-------+-------++-------
  Melee: Unarmed           |     3 |       |       |       |       |       |       |       |       ||     3
         Hand axe          |    39 |       |    17 |    14 |     1 |       |       |       |       ||    71
         Whip              |     4 |     3 |       |       |       |       |       |       |       ||     7
         Dagger            |       |    74 |    44 |       |       |       |       |       |       ||   118
         Long sword        |       |     3 |    45 |       |       |       |       |       |       ||    48
         Spear             |       |       |    16 |       |       |       |       |       |       ||    16
         Punch             |       |       |     1 |       |       |       |       |       |       ||     1
         Staff             |       |       |       |    20 |    19 |    15 |       |     6 |    27 ||    87
         Scimitar          |       |       |       |       |     6 |     7 |       |       |     3 ||    16
   Fire: Hand cannon       |       |       |     4 |     3 |    13 |       |       |       |       ||    20
         Sling             |       |       |     1 |    38 |       |     2 |       |       |       ||    41
  Throw: Boomerang         |       |     2 |       |       |       |       |       |       |       ||     2
         Throwing net      |       |       |     1 |       |       |       |       |       |       ||     1
   Cast: Sting             |    40 |    55 |    41 |     2 |       |       |       |       |       ||   138
         Poisonous Vapours |       |    14 |    12 |     9 |       |       |       |       |       ||    35
         Mephitic Cloud    |       |     4 |     3 |     6 |       |       |       |       |       ||    13
         Olgreb's Toxic Ra |       |       |    28 |    52 |    21 |    12 |       |       |       ||   113
         Sticky Flame      |       |       |    23 |    15 |     3 |       |       |       |       ||    41
         Flame Wave        |       |       |     4 |     1 |       |       |       |       |       ||     5
         Starburst         |       |       |       |    22 |    11 |     6 |     2 |     5 |     2 ||    48
         Stone Arrow       |       |       |       |    18 |    90 |    29 |     7 |    12 |    12 ||   168
         Searing Ray       |       |       |       |     1 |       |       |       |       |       ||     1
         Fulminant Prism   |       |       |       |       |    69 |     9 |    11 |     3 |     1 ||    93
         Fireball          |       |       |       |       |    73 |   197 |   109 |   206 |   136 ||   721
         Iskenderun's Myst |       |       |       |       |     8 |    59 |    24 |    86 |   110 ||   287
         Sublimation of Bl |       |       |       |       |       |    12 |    21 |    54 |    12 ||    99
         Ignition          |       |       |       |       |       |       |     5 |    91 |    50 ||   146
         Fire Storm        |       |       |       |       |       |       |       |    61 |   630 ||   691
         Blink             |       |       |       |       |       |       |       |       |     6 ||     6
         Shatter           |       |       |       |       |       |       |       |       |   666 ||   666
         Lehudib's Crystal |       |       |       |       |       |       |       |       |   251 ||   251
         Chain Lightning   |       |       |       |       |       |       |       |       |   125 ||   125
         Polar Vortex      |       |       |       |       |       |       |       |       |     4 ||     4
         Apportation       |       |       |       |       |       |       |       |       |     1 ||     1
Ability: Begin Untransform |       |       |       |       |       |       |       |       |    12 ||    12
  Evoke: Wand              |       |       |       |     5 |     3 |     7 |       |       |     6 ||    21
         Lightning rod     |       |       |       |       |       |       |       |       |     3 ||     3
    Use: Scroll            |       |     4 |     6 |     8 |    13 |     6 |       |     4 |    35 ||    76
         Potion            |       |     2 |     1 |     4 |     2 |       |     2 |     1 |    24 ||    36
   Stab: Sleeping          |       |       |     1 |       |       |       |       |       |       ||     1
         Held in net/web   |       |       |     1 |       |       |       |       |       |       ||     1
         Confused          |       |       |       |     1 |       |       |       |       |       ||     1
 Armour: Robe              |    25 |    75 |    85 |    93 |    16 |       |       |       |       ||   294
         Skin              |       |     5 |    25 |    52 |     5 |       |       |       |       ||    87
         Ring mail         |       |       |       |       |    94 |    83 |    39 |    40 |       ||   256
         Troll leather arm |       |       |       |       |       |       |       |    71 |   819 ||   890
  Dodge: Dodged            |    39 |    97 |    59 |   101 |    89 |    52 |    35 |    61 |   485 ||  1018
   Form: Death             |       |       |       |       |       |       |       |       |    12 ||    12

Table legend: (Time is in decaauts)
 A = Elapsed time spent in this place.
 B = Non-inter-level travel time spent in this place.
 C = Inter-level travel time spent in this place.
 D = Time resting spent in this place.
 E = Time spent auto-exploring this place.
 F = Levels seen in this place.
 G = Mean time per level.
                   A        B        C        D        E       F      G
               +--------+--------+--------+--------+--------+-----+--------+
         Total |  30663 |  27541 |   3122 |    178 |   2005 | 133 |  230.5 |
       Dungeon |   7506 |   6208 |   1298 |      0 |      0 |  15 |  500.4 |
        Temple |      7 |      7 |      0 |      0 |      0 |   1 |    7.0 |
          Lair |   2119 |   1860 |    259 |      0 |      0 |   5 |  423.8 |
         Swamp |    985 |    963 |     22 |      0 |      0 |   4 |  246.2 |
     Snake Pit |   1542 |   1521 |     21 |     37 |      0 |   4 |  385.5 |
    Slime Pits |    876 |    764 |    112 |      0 |      0 |   5 |  175.2 |
  Orcish Mines |    557 |    524 |     33 |      0 |      0 |   2 |  278.5 |
   Elven Halls |   1349 |   1284 |     65 |      0 |      0 |   3 |  449.7 |
        Vaults |   2204 |   1609 |    595 |      0 |      0 |   5 |  440.8 |
         Crypt |    864 |    791 |     73 |     22 |    383 |   3 |  288.0 |
          Tomb |   1192 |   1148 |     44 |      0 |    373 |   3 |  397.3 |
        Depths |   2783 |   2325 |    458 |     21 |   1018 |   4 |  695.8 |
          Hell |    300 |    277 |     23 |      3 |      0 |   1 |  300.0 |
           Dis |    511 |    482 |     29 |      0 |      0 |   7 |   73.0 |
       Gehenna |    709 |    709 |      0 |      0 |      0 |   7 |  101.3 |
       Cocytus |    517 |    517 |      0 |      0 |      0 |   7 |   73.9 |
      Tartarus |    404 |    404 |      0 |      0 |      0 |   7 |   57.7 |
           Zot |    584 |    496 |     88 |     19 |      0 |   5 |  116.8 |
         Abyss |    220 |    220 |      0 |      0 |      0 |   3 |   73.3 |
   Pandemonium |   1807 |   1807 |      0 |     74 |    231 |  10 |  180.7 |
      Ziggurat |   2228 |   2228 |      0 |      2 |      0 |  27 |   82.5 |
         Trove |     69 |     69 |      0 |      0 |      0 |   1 |   69.0 |
       Ossuary |    156 |    156 |      0 |      0 |      0 |   1 |  156.0 |
      Ice Cave |    230 |    230 |      0 |      0 |      0 |   1 |  230.0 |
       Volcano |    390 |    390 |      0 |      0 |      0 |   1 |  390.0 |
    Desolation |    541 |    541 |      0 |      0 |      0 |   1 |  541.0 |
               +--------+--------+--------+--------+--------+-----+--------+

Top non-repeatable levels by time:
Depths:3: 960 daAuts
Depths:2: 942 daAuts
Vaults:5: 793 daAuts
     D:2: 783 daAuts
    D:14: 723 daAuts
    D:15: 685 daAuts
 Crypt:3: 612 daAuts
   Elf:3: 604 daAuts
     D:4: 600 daAuts
     D:8: 590 daAuts
Vaults:2: 544 daAuts
Desolation: 541 daAuts
    D:11: 530 daAuts
  Tomb:3: 517 daAuts
    D:10: 509 daAuts
